 Dungeon Crawl Stone Soup version 0.28.0-1-gb440e238dd (webtiles) character file.

Game seed: 8892493785623950044

975070 RepoMan the Sensei (level 27, -14/367 HPs)
             Began as a Demonspawn Wanderer on Feb 19, 2022.
             Was the Champion of Jiyva.
             Killed from afar by an elemental wellspring (26 damage)
             ... with a torrent of water
             ... on level 6 of Cocytus on Feb 20, 2022.
             The game lasted 12:53:07 (56889 turns).

RepoMan the Sensei (Demonspawn Wanderer)           Turns: 56889, Time: 12:53:08

Health: -14/367    AC: 31    Str: 19    XL:     27
Magic:  0/43       EV: 24    Int: 25    God:    Jiyva [******]
Gold:   1406       SH: 31    Dex: 26    Spells: 5/58 levels left

rFire   + + +      SeeInvis .   Y - +18 lance "Wyrmbane" {slay drac, rPois rF+ rC+ AC+3}
rCold   + + +      Faith    .   q - +5 tower shield {reflect}
rNeg    + + +      Spirit   +   (armour currently unavailable)
rPois   ∞          Reflect  +   (helmet restricted)
rElec   +          Harm     .   g - scarf {rC+ rF+}
rCorr   +          Rampage  .   (gloves unavailable)
Will    +++..                   (boots currently unavailable)
Stlth   ++++++....              p - amulet "Otseavu" {RegenMP rPois Regen+ Slay+2 Stlth-}
HPRegen 3.11/turn               K - ring "Ceerol" {rC+ Str+3 Int+2}
MPRegen 1.46/turn               X - ring of Loamoc {rElec rF+ rN++}

@: statue-form, marked, studying 3 skills, frozen potions, very slow
A: slow and powerful, torment resistance 1, boosted hp, claws 3, thin skeletal
structure 3, demonic guardian 3, robust 3, magic shield, magic regeneration,
magic link, antennae 2, large bone plates 1, clever 2, strong-willed 1, poison
resistance, strong 1, acidic bite, eyeballs 1, (gelatinous body 1), pseudopods
3, tendrils, jelly sensing items, engulf
}: 10/15 runes: barnacled, slimy, silver, abyssal, demonic, glowing, magical,
fiery, dark, gossamer
a: End Transformation, Renounce Religion, Oozemancy, Slimify


You were on level 6 of Cocytus.
You worshipped Jiyva.
Jiyva was exalted by your worship.
You were a living statue of rough stone.
You visited 14 branches of the dungeon, and saw 66 of its levels.
You visited Pandemonium 3 times, and saw 25 of its levels.
You visited the Abyss 2 times.
You visited 1 bazaar.
You visited 1 ziggurat, and saw 8 of its levels.
You also visited: Ice Cave and Wizlab.

You collected 8170 gold pieces.
You spent 6764 gold pieces at shops.

Inventory:

Hand Weapons
 Y - the +18 lance "Wyrmbane" (weapon) {slay drac, rPois rF+ rC+ AC+3}
   (You found it on level 5 of the Pits of Slime)

   It inflicts extra damage against dragons and draconians.
   AC:        It affects your AC (+3).
   rF:        It protects you from fire.
   rC:        It protects you from cold.
   rPois:     It protects you from poison.
Missiles
 h - 8 silver javelins (quivered)
Armour
 g - a scarf of resistance (worn)
 i - the +0 cloak of Baab {Regen+ Str+5 Dex+6}
   (You found it in a wizard's laboratory)

   Str:       It affects your strength (+5).
   Dex:       It affects your dexterity (+6).
   Regen:     It increases your rate of health regeneration.
 q - a +5 tower shield of reflection (worn)
 u - a +2 helmet of see invisible
 w - the +5 ice dragon scales of Focus {+Blink rF- rC++ Str+4 Dex+3}
   (You found it in Pandemonium)

   Str:       It affects your strength (+4).
   Dex:       It affects your dexterity (+3).
   rF:        It makes you vulnerable to fire.
   rC:        It greatly protects you from cold.
   +Blink:    It lets you blink.
 y - a +1 troll leather armour (melded) {Snorg}
 F - the +1 pair of boots of the Watchman (melded) {rElec Regen+}
   (You acquired it on level 1 of the Elven Halls)

   rElec:     It insulates you from electricity.
   Regen:     It increases your rate of health regeneration.
 H - a scarf of repulsion
 J - +0 shadow dragon scales
Jewellery
 l - the ring of Neuc {rPois MP+9 EV+4 Str+3}
   (You bought it in a shop on level 5 of the Dungeon)

   [ring of evasion]

   EV:        It affects your evasion (+4).
   Str:       It affects your strength (+3).
   rPois:     It protects you from poison.
   MP:        It affects your magic capacity (+9).
 p - the amulet "Otseavu" (around neck) {RegenMP rPois Regen+ Slay+2 Stlth-}
   (You bought it in a shop on level 2 of the Depths)

   [amulet of magic regeneration]

   It increases your rate of magic regeneration.
   Slay:      It affects your accuracy & damage with ranged weapons and melee
   (+2).
   rPois:     It protects you from poison.
   Regen:     It increases your rate of health regeneration.
   Stlth:     It makes you less stealthy.
 r - the ring of Josei {rF+ Slay+4}
   (You found it in Pandemonium)

   [ring of slaying]

   Slay:      It affects your accuracy & damage with ranged weapons and melee
   (+4).
   rF:        It protects you from fire.
 x - the ring "Puatoem" {Wiz Dex+2}
   (You took it off a deep elf annihilator on level 3 of the Elven Halls)

   [ring of wizardry]

   It improves your spell success rate.
   Dex:       It affects your dexterity (+2).
 K - the ring "Ceerol" (left claw) {rC+ Str+3 Int+2}
   (You found it on level 5 of the Vaults)

   [ring of protection from cold]

   Str:       It affects your strength (+3).
   Int:       It affects your intelligence (+2).
   rC:        It protects you from cold.
 M - a ring of see invisible
 P - the amulet of Xeifilos {Faith Drain Will+++ Str-3 Int+5}
   (You found it on level 3 of the Vaults)

   [amulet of faith]

   It allows you to gain divine favour quickly.
   Str:       It affects your strength (-3).
   Int:       It affects your intelligence (+5).
   Drain:     It drains your maximum health when unequipped.
   Will:      It greatly increases your willpower.
 Q - the ring of Shadows {Umbra +Inv Stlth+}
   (You bought it in a shop on level 3 of the Dungeon)

   [ring of stealth]

   It surrounds you with an aura of shadow, increasing your stealth and reducing
   the accuracy of all others within it.
   +Inv:      It lets you turn invisible.
   Stlth:     It makes you more stealthy.
 S - the ring "Ufeuv" {Wiz rN+ Str+4}
   (You found it on level 3 of the Crypt)

   [ring of wizardry]

   It improves your spell success rate.
   Str:       It affects your strength (+4).
   rN:        It protects you from negative energy.
 X - the ring of Loamoc (right claw) {rElec rF+ rN++}
   (You found it on level 5 of a ziggurat)

   [ring of protection from fire]

   rF:        It protects you from fire.
   rElec:     It insulates you from electricity.
   rN:        It greatly protects you from negative energy.
Wands
 c - a wand of flame (35)
 d - a wand of acid (9)
 j - a wand of mindburst (6)
 n - a wand of paralysis (5)
 t - a wand of iceblast (44)
 E - a wand of digging (17)
Scrolls
 b - 4 scrolls of amnesia
 e - 24 scrolls of teleportation
 k - 3 scrolls of immolation
 D - 8 scrolls of fear
 N - 6 scrolls of fog
 O - 6 scrolls of magic mapping
 T - 3 scrolls of enchant weapon
Potions
 f - a potion of might
 m - 5 potions of brilliance
 v - 2 potions of cancellation
 z - 4 potions of mutation
 A - 2 potions of heal wounds
 B - 22 potions of curing
 C - 4 potions of ambrosia
 I - 4 potions of haste
 L - a potion of magic
 U - 7 potions of attraction
 W - 14 potions of flight
 Z - 2 potions of berserk rage
Miscellaneous
 R - a phantom mirror


   Skills:
 + Level 18.3 Fighting
 + Level 15.7 Polearms
 - Level 5.4 Throwing
 + Level 14.5 Dodging
 - Level 8.0 Stealth
 + Level 14.2 Shields
 - Level 25.0 Unarmed Combat
 + Level 16.2 Spellcasting
 - Level 3.0 Hexes
 + Level 9.5 Translocations
 * Level 24.4 Transmutations
 - Level 1.0 Fire Magic
 - Level 10.8 Air Magic
 + Level 6.5 Earth Magic
 - Level 2.0 Poison Magic
 - Level 2.0 Evocations


You had 5 spell levels left.
You knew the following spells:

 Your Spells              Type           Power      Damage    Failure   Level
a - Manifold Assault      Tloc           61%        N/A       5%          5
b - Blink                 Tloc           100%       N/A       1%          2
c - Statue Form           Tmut/Erth      52%        N/A       2%          6
d - Dragon Form           Tmut           48%        N/A       1%          7
g - Apportation           Tloc           100%       N/A       1%          1
l - Lesser Beckoning      Tloc           61%        N/A       1%          3
p - Ignite Poison         Fire/Tmut/Pois 60%        N/A       1%          3
s - Storm Form            Tmut/Air       41%        N/A       6%          7
v - Poisonous Vapours     Pois/Air       100%       N/A       1%          2
w - Wereblood             Tmut           97%        N/A       0%          2
y - Yara's Violent Unrav  Hex/Tmut       36%        3d15      1%          5
Q - Silence               Hex/Air        26%        N/A       17%         5
S - Swiftness             Air            65%        N/A       1%          3
W - Passwall              Tmut/Erth      65%        N/A       1%          2

Your spell library contained the following spells:

 Spells                   Type           Power      Damage    Failure   Level
 Beastly Appendage        Tmut           100%       N/A       0%          1
 Blade Hands              Tmut           48%        N/A       0%          5
 Shock                    Conj/Air       100%       1d9       1%          1
 Sting                    Tmut/Pois      100%       1d8       1%          1
 Corpse Rot               Necr/Air       94%        N/A       1%          2
 Gell's Gravitas          Tloc           61%        N/A       1%          3
 Spider Form              Tmut/Pois      72%        N/A       1%          3
 Teleport Other           Tloc           61%        N/A       1%          3
 Airstrike                Air            32%        N/A       1%          4
 Passage of Golubria      Tloc           61%        N/A       1%          4
 Petrify                  Tmut/Erth      78%        N/A       1%          4
 Alistair's Intoxication  Tmut/Pois      48%        N/A       1%          5
 Portal Projectile        Hex/Tloc       100%       N/A       2%          3
 Slow                     Hex            100%       N/A       3%          1
 Mephitic Cloud           Conj/Pois/Air  41%        N/A       5%          3
 Stone Arrow              Conj/Erth      72%        3d11      8%          3
 Foxfire                  Conj/Fire      88%        2x1d8     9%          1
 Ensorcelled Hibernation  Hex/Ice        54%        N/A       9%          2
 Confusing Touch          Hex            35%        N/A       9%          3
 Tukima's Dance           Hex            35%        N/A       9%          3
 Animate Skeleton         Necr           40%        N/A       11%         1
 Magic Dart               Conj           80%        1d7       11%         1
 Pain                     Necr           80%        1d8       11%         1
 Scorch                   Fire           50%        2d8       11%         2
 Summon Lightning Spire   Summ/Air       47%        N/A       11%         4
 Iskenderun's Mystic Bla  Conj/Tloc      44%        2d10      14%         4
 Leda's Liquefaction      Hex/Erth       22%        N/A       14%         4
 Searing Ray              Conj           40%        2d5       16%         2
 Sublimation of Blood     Necr           20%        N/A       16%         2
 Dazzling Flash           Conj/Hex       54%        N/A       17%         3
 Summon Guardian Golem    Hex/Summ       27%        N/A       17%         3
 Lee's Rapid Deconstruct  Erth           26%        3d15*     19%         5
 Conjure Flame            Conj/Fire      22%        6-21      26%         3
 Ozocubu's Armour         Ice            20%        N/A       30%         3
 Vampiric Draining        Necr           20%        2d7       30%         3
 Cause Fear               Hex            17%        N/A       30%         4
 Summon Forest            Summ/Tloc      22%        N/A       38%         5
 Olgreb's Toxic Radiance  Pois           30%        N/A       41%         4
 Anguish                  Hex/Necr       13%        N/A       50%         4
 Fulminant Prism          Conj/Hex       13%        3d9       50%         4
 Freezing Cloud           Conj/Ice/Air   19%        6-21      54%         5
 Borgnjor's Vile Clutch   Necr/Erth      18%        N/A       58%         5
 Flame Wave               Conj/Fire      22%        2d7       63%         4
 Sticky Flame             Conj/Fire      22%        2d4       63%         4
 Animate Dead             Necr           10%        N/A       71%         4
 Dispel Undead            Necr           20%        3d11      71%         4
 Metabolic Englaciation   Hex/Ice        13%        N/A       83%         5
 Summon Mana Viper        Hex/Summ       27%        N/A       83%         5
 Fireball                 Conj/Fire      11%        3d7       93%         5
 Agony                    Necr           20%        N/A       96%         5
 Excruciating Wounds      Necr           10%        N/A       96%         5
 Eringya's Noxious Bog    Tmut/Pois      36%        N/A       7%          6
 Dispersal                Tloc           30%        N/A       30%         6
 Necromutation            Tmut/Necr      34%        N/A       99%         8
 Death Channel            Necr           10%        N/A       100%        6
 Simulacrum               Ice/Necr       10%        N/A       100%        6
 Starburst                Conj/Fire      11%        6d5       100%        6
 Summon Cactus Giant      Summ           10%        N/A       100%        6
 Enfeeble                 Hex            17%        N/A       100%        7
 Haunt                    Necr/Summ      10%        N/A       100%        7
 Orb of Destruction       Conj           10%        9d6       100%        7
 Ozocubu's Refrigeration  Ice            10%        4d7       100%        7
 Spellforged Servitor     Conj/Summ      10%        N/A       100%        7
 Borgnjor's Revivificati  Necr           10%        N/A       100%        8
 Ignition                 Fire           12%        3d6       100%        8
 Maxwell's Capacitive Co  Air            32%        ∞         100%        8
 Chain Lightning          Conj/Air       23%        3d31      100%        9
 Death's Door             Necr           10%        N/A       100%        9
 Dragon's Call            Summ           10%        N/A       100%        9
 Shatter                  Erth           26%        3d22*     100%        9


Dungeon Overview and Level Annotations

Branches:
Dungeon (15/15)            Temple (0/1) D:4            Lair (6/6) D:9
 Shoals (4/4) Lair:3       Spider (4/4) Lair:2        Slime (5/5) Lair:6
    Orc (2/2) D:10            Elf (3/3) Orc:2        Vaults (5/5) D:14
  Crypt (3/3) Vaults:2       Tomb (0/3) Crypt:3      Depths (4/4) D:15
   Hell (visited)             Dis (5/7) Hell            Geh (0/7) Hell
    Coc (6/7) Hell            Tar (0/7) Hell            Zot (3/5) Depths:4
  IceCv (visited)          WizLab (visited)

Altars:
Ashenzari
Dithmenos
Elyvilon
Kikubaaqudgha
Okawaru
Uskayaw
Wu Jian
Yredelemnul
Beogh
Jiyva
Lugonu

Shops:
D:3 =   D:4 [   D:5 ([*(   D:6 :   D:11 =   Orc:2 *[?:[   Elf:2 *   Elf:3 !
Shoals:1 =   Shoals:2 :   Vaults:1 !=?   Vaults:2 [   Vaults:3 [   Vaults:4 (
Vaults:5 [!?   Depths:2 ==:

Portals:
Hell: Depths:1 Depths:2 Depths:3 Depths:4
Abyss: Depths:2 Depths:3
Pandemonium: Depths:2 Depths:4

Annotations:
D:9 2 runed translucent doors, snonkus's ghost, journeyman GrBe
Slime:3 Dissolution
Slime:5 Royal Jelly
Vaults:3 36 runed doors


Innate Abilities, Weirdness & Mutations

You are a living statue of rough stone.
Your actions are slow, but your melee attacks are powerful.
You are resistant to unholy torment.
Your maximum health is greatly increased.
Your equipment is partially melded.
You have claws for hands.
You have an unnaturally thin skeletal structure. (Dex +6, Stealth+++)
A powerful demonic guardian rushes to your aid.
You are extremely robust. (+30% HP)
When hurt, damage is shared between your health and your magic reserves.
You regenerate magic rapidly.
When low on magic, you restore magic in place of health.
You have a pair of antennae on your head.
You are partially covered in large bone plates. (SH +4)
Your mind is very acute. (Int +4)
You are strong-willed. (Will+)
Your system is resistant to poisons. (rPois)
Your muscles are strong. (Str +2)
You have acidic saliva.
Your body has grown eyes which may confuse attackers. (Acc +3)
((Your rubbery body absorbs attacks. (AC +1, EV +1)))
Armour fits poorly on your massive pseudopods.
You are covered in slimy tendrils that may disarm your opponents.
You have a small jelly attached to you that senses nearby items.
Your melee attacks may engulf your foes in ooze.


Message History

You slip free of the water engulfing you.
The water engulfing you falls away.
The water elemental disappears in a puff of smoke!
The shard shrike misses you.
The shard shrike claws you but does no damage.
The shard shrike misses you.
You block the caustic shrike simulacrum's attack.
A torrent of water rises up through the elemental wellspring!
The torrent of water passes through the water elemental. x2
The torrent of water hits you!!
* * * LOW HITPOINT WARNING * * *
You are knocked back by the torrent of water.
You violently stop moving!
The wave splashes down.
You block the water elemental's attack. You block the shard shrike's attack.
A torrent of water rises up through the elemental wellspring!
The torrent of water passes through the water elemental.
The torrent of water hits you!!
* * * LOW HITPOINT WARNING * * *
You are knocked back by the torrent of water.
You violently stop moving!
The wave splashes down.
There is a gateway leading out of Cocytus here.
Unknown command.
Unknown command.
Unknown command.
The shard shrike spits a shard of ice at you.
The shard of ice misses you.
You block the caustic shrike simulacrum's attack.
The shard shrike claws you but does no damage.
You block the caustic shrike simulacrum's attack.
The shard shrike claws you.
* * * LOW HITPOINT WARNING * * *
The shard shrike freezes you! You resist.
* * * LOW HITPOINT WARNING * * *
The water elemental completely misses you.
The caustic shrike simulacrum closely misses you.
The water elemental closely misses you. You block the shard shrike's attack.
A torrent of water rises up through the elemental wellspring!
The torrent of water passes through the water elemental. x2
The torrent of water hits you!!!
You die...

###≈≈##
###≈≈≈≈≈#####≈
##≈≈≈≈≈≈≈≈≈≈≈≈≈
##≈≈≈≈≈≈≈≈≈≈≈≈≈≈
#≈≈≈≈≈≈≈≈≈≈≈≈≈≈≈#
#≈≈≈≈≈≈≈≈≈≈≈≈≈≈≈≈##
≈≈≈≈≈≈≈≈≈E≈≈≈≈≈.≈≈###
≈≈≈≈≈≈≈E8Z≈≈≈≈≈.≈≈≈≈#
≈≈≈≈≈≈EEbZ≈≈≈E≈...≈≈≈
≈≈≈≈≈≈≈E1EE≈≈≈≈≈...≈≈
≈≈≈≈≈EE.EE≈§≈≈≈≈....
≈≈≈≈≈≈≈.C§≈§..≈≈....
≈≈≈≈E≈≈§≈§§§E§≈E.≈..
≈≈§≈≈≈E..§.Z§§§≈....
≈≈≈≈≈≈.°...§Z§≈≈....
≈≈.≈≈≈≈..C.§..§≈....


You could see a titan (inner flame), a shard shrike (inner flame, catching
breath), an Ice Fiend, 4 elemental wellsprings, 12 water elementals, a golden
dragon simulacrum, a harpy simulacrum (confused) and a caustic shrike
simulacrum.

Vanquished Creatures
  Cerebov (Pan)
  6 pandemonium lords
  Lom Lobon (Pan)
  Mnoleg (Pan)
  Gloorx Vloq (Pan)
  A dread lich (Dis:1)
  4 ancient liches
  A juggernaut (Depths:4)
  Mara (Elf:3)
  Sojobo (Vaults:5)
  3 Killer Klowns
  11 shard shrikes
  Bai Suzhen (Spider:4)
  Frederick (Vaults:2)
  4 caustic shrikes
  A profane servitor (Crypt:3)
  5 golden dragons
  Jory (Crypt:3)
  Geryon (Hell)
  3 Tzitzimimeh (Pan)
  6 bone dragons
  A pearl dragon (Pan)
  7 Brimstone Fiends (Pan)
  An iron giant (Dis:4)
  A hellephant (Zig:8)
  5 tentacled monstrosities
  4 Hell Sentinels
  10 Ice Fiends
  5 liches
  A walking frostbound tome (Depths:3)
  14 titans
  2 walking divine tomes
  A quicksilver dragon (Zot:1)
  3 searing wretches (Zig:8)
  4 deep elf blademasters
  2 deep elf master archers (Elf:3)
  19 Executioners
  A death cob (Zot:2)
  11 sphinxes
  Frances (D:13)
  An eldritch tentacle (WizLab)
  21 ancient champions
  10 tentacled starspawn
  11 storm dragons
  3 daevas (Pan)
  11 tengu reavers
  5 demonspawn warmongers (Pan)
  2 revenants
  11 draconian monks
  2 draconian knights (Zot:2)
  14 shadow dragons
  An azure jelly (Coc:5)
  7 deep elf sorcerers (Elf:3)
  14 narguns
  9 frost giants
  5 fire giants
  2 draconian scorchers
  A draconian shifter (Zot:1)
  5 ghost moths
  3 iron dragons
  11 vault wardens
  3 shard shrike simulacra
  Aizul (Vaults:2)
  3 quicksilver elementals (Dis:1)
  A juggernaut zombie (Crypt:2)
  24 balrugs
  7 emperor scorpions
  Louise (Shoals:3)
  15 cacodemons
  6 draconian stormcallers
  An angel (Depths:2)
  2 curse skulls
  5 deep elf elementalists (Elf:3)
  2 ghouls (Crypt:1)
  24 ironbound preservers
  16 war gargoyles
  7 ironbound thunderhulks
  13 demonspawn blood saints (Pan)
  A broodmother (Spider:3)
  3 draconian annihilators (Pan)
  18 stone giants
  10 deep elf demonologists
  8 demonspawn corrupters (Pan)
  24 very ugly things
  9 demonspawn black suns (Pan)
  14 vampire knights
  12 reapers
  8 apis (Pan)
  12 deep elf annihilators
  10 elemental wellsprings
  4 yellow draconians
  5 green draconians
  6 wendigos
  Azrael (Elf:1)
  16 dire elephants
  14 lorocyprocas
  4 black draconians
  3 entropy weavers
  5 red draconians
  6 white draconians
  7 spark wasps
  Snorg (Lair:4)
  11 deep elf death magi
  11 eidola
  6 iron golems
  5 merfolk javelineers (Shoals:4)
  18 blizzard demons
  6 fire dragons
  23 green deaths
  17 jiangshi
  9 ettins
  8 merfolk impalers
  15 yaktaur captains
  3 crystal guardians
  4 deep elf high priests
  6 hydras
  8 boulder beetles
  5 ice dragons
  2 caustic shrike simulacra
  A quicksilver dragon skeleton (Crypt:2)
  6 peacekeepers
  13 rakshasas
  A spriggan zombie (Hell)
  7 hell beasts (Pan)
  An alligator snapping turtle (Shoals:1)
  3 catoblepae
  28 vault guards
  The ghost of Xiudd the Cleaver, a journeyman DsBe of Trog (D:10)
  2 ogre magi
  3 jorogumos
  5 death knights
  12 ironbound frosthearts
  A stoker (Zig:8)
  2 juggernaut simulacra
  3 radroaches
  5 merfolk avatars
  3 spriggan air magi
  13 centaur warriors
  49 dancing weapons
  2 tengu warriors
  A satyr (Shoals:3)
  7 deep troll shamans
  12 death yaks
  4 orc high priests
  5 merfolk aquamancers
  4 two-headed ogres
  4 hell hogs
  A spriggan berserker (Depths:4)
  3 thrashing horrors (Abyss:5)
  2 deep troll earth magi
  22 soul eaters
  3 crystal echidnas
  19 hell knights
  3 vampire magi
  Sonja (D:13)
  Nergalle (Lair:2)
  A titan skeleton (Pan)
  31 skeletal warriors
  17 shadow wraiths
  8 wretched stars
  50 sun demons
  19 deep elf knights
  A storm dragon skeleton (Pan)
  8 steelbarb worms
  24 sixfirhies
  A cherub (Pan)
  21 sea snakes
  2 spatial maelstroms (Abyss:4)
  4 pharaoh ants
  A death drake (Abyss:4)
  68 deep trolls
  A ghost moth zombie (Crypt:2)
  6 iron trolls
  4 quicksilver dragon simulacra
  9 starcursed masses
  A bog body (Crypt:1)
  12 shadow demons
  11 phantasmal warriors
  10 orb spiders
  An obsidian statue (WizLab)
  Pikel (D:9)
  4 spriggan simulacra
  6 flayed ghosts
  18 ironbound convokers
  27 deep elf pyromancers
  6 lindwurms
  11 deep elf archers
  17 necromancers
  2 anaconda skeletons
  13 wizards
  18 harpies
  A bunyip skeleton (Crypt:2)
  A golden dragon skeleton (Depths:2)
  9 fauns
  21 deep elf zephyrmancers
  6 orc knights
  4 orc sorcerers
  8 cyclopes
  16 wolf spiders
  2 human zombies
  2 worldbinders (WizLab)
  64 ugly things
  A tengu skeleton (Vaults:2)
  Maurice (D:12)
  6 manticores
  A spectral centaur (Crypt:3)
  9 moths of wrath
  13 elephants
  9 merfolk sirens
  A fire giant skeleton (Depths:2)
  A moth of wrath (shapeshifter) (Depths:2)
  22 vault sentinels
  4 rust devils (Hell)
  3 apocalypse crabs
  2 black mambas
  10 water nymphs
  A guardian serpent (Abyss:4)
  6 torpor snails
  31 smoke demons
  6 titan simulacra
  21 orange demons
  A gargoyle (D:14)
  An alligator snapping turtle zombie (Crypt:2)
  2 storm dragon simulacra
  A rime drake (shapeshifter) (Abyss:4)
  29 yaktaurs
  A centaur skeleton (Pan)
  An elephant slug zombie (Crypt:1)
  8 komodo dragons
  Maggie (Lair:2)
  8 cane toads
  7 hellions
  12 demonic crawlers
  A golden dragon simulacrum (Coc:1)
  An unseen horror (Abyss:4)
  2 efreet (Pan)
  3 bunyip simulacra
  5 ice devils
  14 freezing wraiths
  2 tengu conjurers
  16 tormentors
  An alligator snapping turtle skeleton (Crypt:1)
  A yaktaur skeleton (Vaults:2)
  4 iron giant simulacra
  2 anaconda simulacra
  5 rime drakes
  A hydra zombie (Hell)
  25 hellwings (Pan)
  4 ancient zymes
  3 red devils (Pan)
  A white draconian skeleton (Crypt:2)
  36 merfolk
  A queen bee (D:10)
  A meliai (shapeshifter) (D:13)
  11 meliai
  27 wind drakes
  2 harpy zombies (Hell)
  3 hornets
  7 polar bears
  A shadow dragon simulacrum (Hell)
  11 raiju
  A tarantella (shapeshifter) (Elf:1)
  20 tarantellas
  4 trolls
  13 snapping turtles
  23 blink frogs
  A fire dragon zombie (Hell)
  A harpy skeleton (Pan)
  A hydra skeleton (Crypt:2)
  An ettin zombie (Abyss:4)
  A meliai zombie (D:11)
  5 stone giant simulacra
  7 dream sheep (Shoals:2)
  A merfolk zombie (Crypt:2)
  An elf zombie (Vaults:1)
  A frost giant simulacrum (Depths:2)
  2 spriggan skeletons
  A human simulacrum (Vaults:2)
  24 jumping spiders
  3 shadows (Crypt:3)
  9 air elementals
  2 centaur simulacra
  A spriggan (shapeshifter) (D:14)
  19 water elementals
  61 flying skulls
  14 ynoxinuls
  5 wyverns
  29 large abominations
  48 yaks
  15 culicivoras
  A vampire (D:12)
  7 wraiths
  18 humans (D:14)
  A yak (shapeshifter) (Zig:7)
  2 dire elephant simulacra
  4 fire bats (Depths:3)
  6 fire elementals
  A hog (D:12)
  2 basilisks
  An alligator snapping turtle simulacrum (Coc:3)
  20 chaos spawn
  2 steam dragons
  35 redbacks
  12 vampire mosquitoes
  A death yak simulacrum (Lair:1)
  19 neqoxecs
  6 spatial vortices
  A tengu zombie (D:10)
  4 wargs
  A naga zombie (Hell)
  9 harpy simulacra
  A two-headed ogre zombie (D:10)
  18 water moccasins
  2 hydra simulacra
  An acid dragon (D:13)
  14 hell hounds
  23 orc warriors
  3 black bears
  4 ettin simulacra
  4 sky beasts
  A black bear (shapeshifter) (D:14)
  5 necrophages
  2 ice beasts
  12 ogres
  26 wolves
  15 boggarts
  11 centaurs
  An elephant skeleton (Crypt:1)
  3 lemures (D:9)
  3 kobold brigands
  Blork the orc (D:4)
  A draconian zombie (Crypt:1)
  2 earth elementals
  11 small abominations
  13 bullfrogs
  2 scorpions
  A water moccasin skeleton (D:5)
  A warg zombie (Crypt:1)
  13 killer bees
  10 wights
  3 electric eels
  4 howler monkeys
  5 centaur zombies
  A quasit (Abyss:4)
  2 hounds (D:5)
  13 orc priests
  2 iguanas
  2 gnoll shamans
  20 orc wizards
  A scorpion zombie (Crypt:1)
  A deep dwarf skeleton (Crypt:2)
  A hound skeleton (D:4)
  A howler monkey zombie (D:9)
  Robin (D:3)
  20 gnolls
  A swamp drake zombie (Crypt:2)
  A shadow imp (WizLab)
  7 white imps
  An ufetubus (D:7)
  An adder skeleton (D:5)
  An iguana skeleton (Crypt:1)
  2 worms
  55 orcs
  An endoplasm (D:1)
  2 giant cockroaches
  8 goblins
  3 hobgoblins
  8 jackals
  2 quokkas (D:1)
  6 ball pythons
  5 bats
  3 frilled lizards
  21 kobolds
  An orc zombie (Crypt:1)
  6 rats
  9 ball lightnings (Pan)
  A creeping inferno (Hell)
  12 fire vortices
  4 foxfires (D:4)
  4 starspawn tentacles
2931 creatures vanquished.

Vanquished Creatures (collateral kills)
  A caustic shrike (Hell)
  A tentacled monstrosity (Pan)
  4 Executioners
  An ancient champion (Dis:1)
  2 death cobs
  A nargun (Hell)
  2 emperor scorpions (Spider:4)
  An iron dragon (Dis:2)
  A frost giant (Dis:5)
  A balrug (Pan)
  A cacodemon (Pan)
  A demonspawn blood saint (Pan)
  3 war gargoyles
  A draconian annihilator (Pan)
  A ghoul (Crypt:3)
  A very ugly thing (Depths:1)
  A reaper (Pan)
  An ironbound thunderhulk (Vaults:4)
  An entropy weaver (Spider:1)
  A lorocyproca (Pan)
  A demonspawn black sun (Pan)
  A red draconian (Zot:2)
  2 dire elephants
  A blizzard demon (Pan)
  Josephine (D:12)
  A vault guard (Vaults:5)
  A centaur warrior (Vaults:1)
  A death knight (Crypt:1)
  A two-headed ogre (D:9)
  A catoblepas (Lair:2)
  3 dancing weapons
  A deep troll earth mage (Depths:4)
  A sun demon (Pan)
  Urug (D:12)
  2 skeletal warriors
  A deep elf knight (Elf:2)
  A pharaoh ant (Spider:1)
  A deep troll (Vaults:4)
  A wizard (Vaults:4)
  A deep elf pyromancer (Elf:1)
  A tengu skeleton (Vaults:1)
  An orc knight (Orc:2)
  2 wolf spiders (Spider:1)
  A manticore (Shoals:4)
  3 ugly things
  A cyclops (D:12)
  A water nymph (Shoals:4)
  2 vault sentinels
  A hellion (Dis:2)
  A tormentor (Dis:2)
  A rime drake (IceCv)
  A golden dragon simulacrum (Coc:5)
  A yaktaur (D:15)
  A meliai (Spider:4)
  A freezing wraith (Crypt:1)
  A merfolk (Shoals:2)
  A polar bear (Lair:6)
  2 wind drakes (Pan)
  A blink frog (Lair:4)
  A culicivora (Spider:1)
  6 wraiths
  2 jumping spiders
  A large abomination (Abyss:4)
  A wyvern (Lair:5)
  A yak (Lair:1)
  A redback (Spider:4)
  A shadow imp (Abyss:4)
  A bush (Lair:2)
  A foxfire (D:4)
  A plant (Lair:2)
92 creatures vanquished.

Vanquished Creatures (others)
  An acid blob (Vaults:5)
  A pandemonium lord (Pan)
  A lich (Depths:3)
  A tentacled starspawn (Abyss:5)
  Kirke (D:12)
  A fire giant (Dis:5)
  2 deep elf sorcerers (Elf:3)
  A cacodemon (Pan)
  A war gargoyle (Vaults:5)
  An ironbound preserver (Vaults:3)
  6 great orbs of eyes
  2 elemental wellsprings
  A blizzard demon (Pan)
  A green death (Pan)
  A yaktaur captain (Vaults:4)
  A spriggan air mage (Pan)
  A caustic shrike simulacrum (Coc:6)
  3 vault guards (Vaults:5)
  An ogre mage (Vaults:5)
  A satyr (shapeshifter) (Vaults:5)
  2 two-headed ogres (Vaults:5)
  A sun demon (Pan)
  A sixfirhy (Pan)
  A quicksilver dragon simulacrum (Coc:2)
  An eye of devastation (Pan)
  2 deep trolls
  2 wizards
  An ironbound convoker (Vaults:5)
  An orb spider (Spider:2)
  2 deep elf zephyrmancers (Elf:1)
  A deep elf pyromancer (Elf:1)
  An ugly thing (Vaults:4)
  A shining eye (Abyss:4)
  A shining eye (shapeshifter) (Vaults:5)
  3 vault sentinels
  2 smoke demons (Pan)
  A rust devil (Hell)
  A yaktaur (shapeshifter) (Vaults:5)
  A rime drake (Lair:3)
  2 anaconda simulacra (Coc:2)
  A hellwing (Pan)
  A floating eye (Depths:2)
  A wind drake (shapeshifter) (Vaults:5)
  24 slime creatures
  A wind drake (Pan)
  A raiju (Abyss:5)
  A water elemental (Elf:3)
  A culicivora (Spider:3)
  A ynoxinul (Pan)
  A yak (Lair:2)
  A wyvern (Lair:4)
  A human (D:12)
  3 golden eyes (Pan)
  A naga (shapeshifter) (Vaults:5)
  A harpy simulacrum (Coc:2)
  A water moccasin (Lair:5)
  A hell hound (Hell)
  A floating eye (shapeshifter) (Vaults:5)
  An orc warrior (D:10)
  An ice dragon simulacrum (Coc:1)
  An ogre (Vaults:5)
  2 centaurs (D:12)
  3 bullfrogs
  A gnoll sergeant (D:5)
  A naga simulacrum (Coc:1)
  2 killer bees (D:10)
  3 howler monkeys (D:9)
  An electric eel (Elf:3)
  391 jellies
  A centaur zombie (D:4)
  A hound (D:5)
  4 orc priests
  An iguana (D:5)
  An orc wizard (D:10)
  A howler monkey zombie (D:10)
  An adder (D:5)
  A gnoll (D:5)
  An ufetubus (D:5)
  An adder skeleton (D:4)
  11 orcs
  3 endoplasms
  2 giant cockroaches
  6 goblins
  5 hobgoblins
  4 jackals
  3 kobolds
  A ball python (D:1)
  A bat (D:1)
  13 ball lightnings (Pan)
  2 demonic plants (Pan)
  2 fire vortices (Hell)
  209 foxfires
  146 fungi
  230 plants
  17 starspawn tentacles
1175 creatures vanquished.

Grand Total: 4198 creatures vanquished

Notes
Turn   | Place    | Note
-------+----------+-------------------------------------------
     0 | D:1      | RepoMan the Demonspawn Wanderer began the quest for the
                  | Orb.
     0 | D:1      | RepoMan set off with the following items: a +0 club, a +0
                  | robe, a wand of flame (3); and the following spells
                  | available to memorise: Apportation, Blink, Foxfire,
                  | Teleport Other, Conjure Flame
     0 | D:1      | Reached XP level 1. HP: 13/13 MP: 3/3
     2 | D:1      | Learned a level 1 spell: Apportation
     6 | D:1      | Learned a level 1 spell: Foxfire
   137 | D:1      | Reached skill level 1 in Fighting
   158 | D:1      | Found a faded altar of an unknown god.
   203 | D:1      | Got Plato's Collected Works on Darkness
   204 | D:1      | Prayed at the altar of an unknown god.
   204 | D:1      | Became a worshipper of Jiyva Juimocey the Shapeless
   204 | D:1      | Reached * piety under Jiyva
   281 | D:1      | Gained mutation: You have sharp fingernails. [demonic
                  | ancestry]
   281 | D:1      | Reached XP level 2. HP: 20/21 MP: 5/5
   367 | D:1      | Reached skill level 1 in Unarmed Combat
   964 | D:2      | Found an ornate altar of the Wu Jian Council.
   964 | D:2      | Reached ** piety under Jiyva
   984 | D:2      | Learned a level 2 spell: Blink
  1259 | D:2      | Reached XP level 3. HP: 27/27 MP: 6/6
  1432 | D:2      | Reached *** piety under Jiyva
  1505 | D:2      | Gained mutation: You have sharp toenails. [Jiyva's grace]
  1505 | D:2      | Gained mutation: You have razor-sharp toenails. [Jiyva's
                  | grace]
  1505 | D:2      | Gained mutation: You have claws for feet. [Jiyva's grace]
  1505 | D:2      | Gained mutation: Your translucent skin slightly reduces
                  | your foes' accuracy. (Stealth+) [Jiyva's grace]
  1909 | D:3      | Noticed Robin
  2202 | D:3      | Found Ynketz's Jewellery Shoppe.
  2436 | D:3      | Killed Robin
  2437 | D:3      | Reached skill level 2 in Unarmed Combat
  2657 | D:4      | Noticed Blork the orc
  2774 | D:4      | Reached XP level 4. HP: 30/33 MP: 5/7
  2796 | D:4      | Noticed an ice beast
  2833 | D:4      | Killed an ice beast
  2834 | D:4      | Reached skill level 3 in Unarmed Combat
  2834 | D:4      | Gained mutation: You have a somewhat thin skeletal
                  | structure. (Dex +2, Stealth+) [demonic ancestry]
  2834 | D:4      | Reached XP level 5. HP: 17/39 MP: 2/9
  3008 | D:4      | Reached **** piety under Jiyva
  3050 | D:4      | Found a staircase to the Ecumenical Temple.
  3084 | D:4      | Gained mutation: You regenerate magic rapidly. [demonic
                  | ancestry]
  3084 | D:4      | Reached XP level 6. HP: 43/47 MP: 8/10
  3086 | D:4      | Killed Blork the orc
  3383 | D:4      | Reached skill level 4 in Unarmed Combat
  3512 | D:4      | Found Hurog's Armour Shoppe.
  3670 | D:5      | Entered Level 5 of the Dungeon
  3741 | D:5      | Reached XP level 7. HP: 53/53 MP: 7/11
  3845 | D:5      | Lost mutation: You have claws for feet. [Jiyva's grace]
  3845 | D:5      | Gained mutation: You have very sharp fingernails. [Jiyva's
                  | grace]
  3845 | D:5      | Gained mutation: You have claws for hands. [Jiyva's grace]
  3845 | D:5      | Gained mutation: You expend magic power (3 MP) to
                  | strengthen your wands. [Jiyva's grace]
  3845 | D:5      | Gained mutation: Your melee attacks may engulf your foes in
                  | ooze. [Jiyva's grace]
  3887 | D:5      | Reached skill level 5 in Unarmed Combat
  3973 | D:5      | Reached skill level 6 in Unarmed Combat
  3973 | D:5      | Found Fafa's General Store.
  3986 | D:5      | Bought a scroll of identify for 26 gold pieces
  3986 | D:5      | Bought a potion of curing for 39 gold pieces
  4050 | D:5      | Reached skill level 5 in Fighting
  4050 | D:5      | Gained mutation: When hurt, damage is shared between your
                  | health and your magic reserves. [demonic ancestry]
  4050 | D:5      | Reached XP level 8. HP: 31/62 MP: 12/12
  4095 | D:5      | Found Ruyc's Antique Armour Shop.
  4168 | D:5      | Found Zotoc's Weapon Boutique.
  4235 | D:5      | Found Larecui's Antique Weapon Emporium.
  4677 | D:6      | Reached skill level 7 in Unarmed Combat
  4680 | D:6      | Found Yphi Weo's Book Boutique.
  5364 | D:7      | Reached skill level 8 in Unarmed Combat
  5364 | D:7      | Reached XP level 9. HP: 63/70 MP: 13/13
  5494 | D:7      | Reached skill level 9 in Unarmed Combat
  5877 | D:6      | Bought a book of Changes for 180 gold pieces
  5880 | D:6      | Learned a level 2 spell: Wereblood
  5935 | D:8      | Learned a level 3 spell: Confusing Touch
  6115 | D:8      | Lost mutation: You have claws for hands. [Jiyva's grace]
  6115 | D:8      | Lost mutation: You have razor-sharp toenails. [Jiyva's
                  | grace]
  6115 | D:8      | Gained mutation: You are covered in slimy tendrils that may
                  | disarm your opponents. [Jiyva's grace]
  6115 | D:8      | Gained mutation: Your muscles are strong. (Str +2) [Jiyva's
                  | grace]
  6115 | D:8      | Gained mutation: Your muscles are very strong. (Str +4)
                  | [Jiyva's grace]
  6115 | D:8      | Gained mutation: You passively dampen the noise of your
                  | surroundings. [Jiyva's grace]
  6171 | D:8      | Reached ***** piety under Jiyva
  6189 | D:8      | Reached skill level 1 in Hexes
  6236 | D:8      | Reached skill level 1 in Transmutations
  6810 | D:9      | Gained mutation: You have a moderately thin skeletal
                  | structure. (Dex +4, Stealth++) [demonic ancestry]
  6810 | D:9      | Reached XP level 10. HP: 40/80 MP: 11/15
  6849 | D:9      | Reached skill level 10 in Unarmed Combat
  6850 | D:9      | Found a staircase to the Lair.
  6967 | D:9      | Noticed a two-headed ogre
  7023 | D:9      | Noticed Pikel
  7040 | D:9      | Killed Pikel
  7065 | D:9      | Killed a two-headed ogre
  7217 | D:9      | Found a large runed translucent door.
  7217 | D:9      | Found a large runed translucent door.
  7218 | D:9      | Noticed snonkus's ghost (journeyman GrBe)
  7400 | D:10     | Entered Level 10 of the Dungeon
  7450 | D:10     | Reached skill level 11 in Unarmed Combat
  7523 | D:10     | Noticed Xiudd's ghost (journeyman DsBe)
  7528 | D:10     | Found a transporter.
  7532 | D:10     | Found a transporter.
  7547 | D:10     | Lost mutation: You passively dampen the noise of your
                  | surroundings. [Jiyva's grace]
  7547 | D:10     | Gained mutation: Armour fits poorly on your pseudopods.
                  | [Jiyva's grace]
  7547 | D:10     | Gained mutation: Armour fits poorly on your large
                  | pseudopods. [Jiyva's grace]
  7547 | D:10     | Gained mutation: Armour fits poorly on your massive
                  | pseudopods. [Jiyva's grace]
  7547 | D:10     | Gained mutation: You have a small jelly attached to you
                  | that senses nearby items. [Jiyva's grace]
  7624 | D:10     | Noticed a two-headed ogre
  7634 | D:10     | Reached skill level 5 in Spellcasting
  7636 | D:10     | Killed a two-headed ogre
  7637 | D:10     | Gained mutation: A weak demonic guardian rushes to your
                  | aid. [demonic ancestry]
  7637 | D:10     | Reached XP level 11. HP: 87/87 MP: 18/18
  7820 | D:10     | Found a staircase to the Orcish Mines.
  7901 | D:10     | Got the Compendium of Torrid Stolen Souls
  7924 | D:10     | Found a transporter.
  8118 | D:10     | Found a transporter.
  8367 | Lair:1   | Entered Level 1 of the Lair of Beasts
  8367 | Lair:1   | Found a frozen archway.
  8410 | Lair:1   | Noticed a five-headed hydra
  8464 | Lair:1   | Killed a five-headed hydra
  8482 | IceCv    | Entered an ice cave
  8520 | IceCv    | Reached skill level 5 in Dodging
  8522 | IceCv    | Noticed a death yak
  8534 | IceCv    | Killed a death yak
  8580 | IceCv    | Noticed a white ugly thing
  8588 | IceCv    | Killed a white ugly thing
  8589 | IceCv    | Reached skill level 12 in Unarmed Combat
  8620 | IceCv    | Learned a level 3 spell: Spider Form
  8850 | Lair:1   | You fall into a shaft and drop 1 floor!
  8903 | Lair:2   | Noticed a four-headed hydra
  9035 | Lair:2   | Noticed a catoblepas
  9081 | Lair:2   | Killed a catoblepas
  9082 | Lair:2   | Reached XP level 12. HP: 76/97 MP: 12/20
  9163 | Lair:2   | Noticed Maggie
  9188 | Lair:2   | Killed Maggie
  9195 | Lair:2   | Reached skill level 10 in Fighting
  9196 | Lair:2   | Killed a four-headed hydra
  9197 | Lair:2   | Reached skill level 5 in Transmutations
  9305 | Lair:2   | Found a hole to the Spider Nest.
  9335 | Lair:2   | Noticed Nergalle
  9355 | Lair:2   | Killed Nergalle
  9368 | Lair:2   | Noticed Gastronok
  9399 | Lair:2   | Slimified Gastronok
  9399 | Lair:2   | Noticed Gastronok
  9399 | Lair:2   | Gastronok changed into Gastronok the azure jelly
  9577 | Lair:2   | Reached skill level 13 in Unarmed Combat
 10267 | Lair:3   | Found a staircase to the Shoals.
 10272 | Lair:3   | Lost mutation: You have sharp toenails. [Jiyva's grace]
 10272 | Lair:3   | Lost mutation: Your muscles are very strong. (Str +4)
                  | [Jiyva's grace]
 10272 | Lair:3   | Lost mutation: You are covered in slimy tendrils that may
                  | disarm your opponents. [Jiyva's grace]
 10272 | Lair:3   | Lost mutation: You expend magic power (3 MP) to strengthen
                  | your wands. [Jiyva's grace]
 10272 | Lair:3   | Lost mutation: Your melee attacks may engulf your foes in
                  | ooze. [Jiyva's grace]
 10272 | Lair:3   | Gained mutation: You are resistant to electric shocks.
                  | (rElec) [Jiyva's grace]
 10272 | Lair:3   | Gained mutation: You have a small jelly attached to you
                  | that may absorb projectiles. [Jiyva's grace]
 10272 | Lair:3   | Gained mutation: You passively map a small area around you.
                  | [Jiyva's grace]
 10272 | Lair:3   | Gained mutation: You passively map the area around you.
                  | [Jiyva's grace]
 10410 | Lair:3   | Noticed a death yak
 10410 | Lair:3   | Noticed a death yak
 10414 | Lair:3   | Noticed a death yak
 10419 | Lair:3   | Noticed a death yak
 10419 | Lair:3   | Noticed a death yak
 10419 | Lair:3   | Noticed a death yak
 10432 | Lair:3   | Killed a death yak
 10436 | Lair:3   | Killed a death yak
 10441 | Lair:3   | Killed a death yak
 10448 | Lair:3   | Killed a death yak
 10449 | Lair:3   | Gained mutation: A demonic guardian rushes to your aid.
                  | [demonic ancestry]
 10449 | Lair:3   | Reached XP level 13. HP: 91/104 MP: 18/22
 11220 | Lair:4   | Noticed Snorg
 11248 | Lair:4   | Killed Snorg
 11249 | Lair:4   | Reached skill level 14 in Unarmed Combat
 11448 | Lair:4   | Reached ****** piety under Jiyva
 11471 | Lair:4   | Found a broken altar of Ashenzari.
 11501 | Lair:4   | Gained mutation: You have an unnaturally thin skeletal
                  | structure. (Dex +6, Stealth+++) [Jiyva's grace]
 11501 | Lair:4   | Gained mutation: You have sharp toenails. [Jiyva's grace]
 11501 | Lair:4   | Gained mutation: You have razor-sharp toenails. [Jiyva's
                  | grace]
 11501 | Lair:4   | Gained mutation: You have claws for feet. [Jiyva's grace]
 11990 | Lair:5   | Found an ornate altar of the Wu Jian Council.
 11990 | Lair:5   | Found a hide-covered altar of Uskayaw.
 11993 | Lair:5   | Reached skill level 1 in Stealth
 12381 | Lair:6   | Entered Level 6 of the Lair of Beasts
 12382 | Lair:6   | Lost mutation: You have an unnaturally thin skeletal
                  | structure. (Dex +6, Stealth+++) [Jiyva's grace]
 12382 | Lair:6   | Lost mutation: Your muscles are strong. (Str +2) [Jiyva's
                  | grace]
 12382 | Lair:6   | Gained mutation: Your translucent skin reduces your foes'
                  | accuracy. (Stealth+) [Jiyva's grace]
 12382 | Lair:6   | Gained mutation: Your transparent skin significantly
                  | reduces your foes' accuracy. (Stealth+) [Jiyva's grace]
 12382 | Lair:6   | Gained mutation: You have an increased reservoir of magic.
                  | (+10% MP) [Jiyva's grace]
 12382 | Lair:6   | Gained mutation: You have a considerably increased
                  | reservoir of magic. (+20% MP) [Jiyva's grace]
 12423 | Lair:6   | Found a staircase to the Slime Pits.
 12431 | Slime:1  | Entered Level 1 of the Pits of Slime
 12440 | Slime:1  | Noticed a quicksilver ooze
 12441 | Slime:1  | Noticed an azure jelly
 12454 | Slime:1  | Noticed a rockslime
 12462 | Slime:2  | Noticed a rockslime
 12468 | Slime:3  | Noticed Dissolution
 12496 | Slime:4  | Noticed a quicksilver ooze
 12501 | Slime:5  | Entered Level 5 of the Pits of Slime
 12510 | Slime:5  | Noticed a quicksilver ooze
 12514 | Slime:5  | Found a viscous altar of Jiyva.
 12514 | Slime:5  | Noticed a rockslime
 12515 | Slime:5  | Noticed an acid blob
 12515 | Slime:5  | Noticed an acid blob
 12517 | Slime:5  | Noticed an acid blob
 12517 | Slime:5  | Noticed an acid blob
 12518 | Slime:5  | Noticed an acid blob
 12519 | Slime:5  | Noticed an acid blob
 12522 | Slime:5  | Noticed an acid blob
 12522 | Slime:5  | Noticed an acid blob
 12522 | Slime:5  | Found the +8 lance "Wyrmbane" {slay drac, rPois rF+ rC+
                  | AC+3}
 12522 | Slime:5  | Noticed the Royal Jelly
 12529 | Slime:5  | Got a slimy rune of Zot
 12530 | Slime:5  | Identified the +4 war axe of Inconvenience {vorpal, rC+
                  | Int+3}
 12539 | Slime:5  | Identified the ring of Qatsiz {rElec MP-9 EV+4 Dex+3}
 12551 | Slime:5  | Identified the +7 trident of the Thirsty Seas {spect, rF+
                  | rC+ rN+}
 12560 | Slime:5  | Got Xuvvax's Guide on Cloudy Sinister Secrets
 12565 | Slime:5  | Identified the +0 morningstar "Amodizi" {vorpal, rF++ Will-
                  | rCorr Int+4}
 12567 | Slime:5  | Noticed an azure jelly
 12589 | Slime:5  | Noticed an acid blob
 12598 | Slime:4  | Noticed a quicksilver ooze
 12882 | Lair:6   | Identified the +10 great mace "Hyoled" {pain, *Noise Will++
                  | Int+4 Stlth+}
 13139 | Lair:6   | Reached skill level 15 in Unarmed Combat
 13170 | Lair:6   | Reached XP level 14. HP: 114/114 MP: 27/27
 13531 | D:10     | Killed Xiudd's ghost
 13542 | D:10     | Got the Guide on Mutagenic Clay
 13673 | D:10     | Got the Grimoire of Stones and Envenoming
 13922 | D:11     | Lost mutation: Armour fits poorly on your massive
                  | pseudopods. [Jiyva's grace]
 13922 | D:11     | Lost mutation: Armour fits poorly on your large pseudopods.
                  | [Jiyva's grace]
 13922 | D:11     | Lost mutation: Your transparent skin significantly reduces
                  | your foes' accuracy. (Stealth+) [Jiyva's grace]
 13922 | D:11     | Lost mutation: You have a small jelly attached to you that
                  | senses nearby items. [Jiyva's grace]
 13922 | D:11     | Gained mutation: You possess an exceptional clarity of
                  | mind. [Jiyva's grace]
 13922 | D:11     | Gained mutation: You have very sharp teeth. [Jiyva's grace]
 13922 | D:11     | Gained mutation: You have extremely sharp teeth. [Jiyva's
                  | grace]
 13922 | D:11     | Gained mutation: You have razor-sharp teeth. [Jiyva's
                  | grace]
 14065 | D:11     | Found Moidir's Jewellery Emporium.
 14447 | D:12     | Noticed Urug
 14483 | D:12     | Killed Urug
 14548 | D:12     | Noticed Kirke
 14573 | D:12     | Noticed a sphinx
 14578 | D:12     | Killed Kirke
 14658 | D:12     | Noticed Josephine
 14674 | D:12     | Killed Josephine
 14695 | D:12     | Noticed Maurice
 14714 | D:12     | Killed Maurice
 14744 | D:12     | Noticed Psyche
 14749 | D:12     | Slimified Psyche
 14749 | D:12     | Noticed Psyche
 14749 | D:12     | Psyche changed into Psyche the jelly
 15157 | D:13     | Noticed Frances
 15179 | D:13     | Killed Frances
 15614 | D:13     | Lost mutation: You have very sharp fingernails. [Jiyva's
                  | grace]
 15614 | D:13     | Lost mutation: You have razor-sharp teeth. [Jiyva's grace]
 15614 | D:13     | Lost mutation: You have a considerably increased reservoir
                  | of magic. (+20% MP) [Jiyva's grace]
 15614 | D:13     | Lost mutation: You have an increased reservoir of magic.
                  | (+10% MP) [Jiyva's grace]
 15614 | D:13     | Lost mutation: Your translucent skin reduces your foes'
                  | accuracy. (Stealth+) [Jiyva's grace]
 15614 | D:13     | Gained mutation: You are agile. (Dex +2) [Jiyva's grace]
 15614 | D:13     | Gained mutation: You are very agile. (Dex +4) [Jiyva's
                  | grace]
 15614 | D:13     | Gained mutation: Armour fits poorly on your large
                  | pseudopods. [Jiyva's grace]
 15614 | D:13     | Gained mutation: Armour fits poorly on your massive
                  | pseudopods. [Jiyva's grace]
 15654 | D:13     | Noticed Sonja
 15688 | D:13     | Killed Sonja
 15767 | D:14     | Reached skill level 16 in Unarmed Combat
 16125 | D:14     | Identified 3 scrolls of acquirement
 16142 | D:14     | Found a gate to the Vaults.
 16248 | D:14     | Gained mutation: When low on magic, you restore magic in
                  | place of health. [demonic ancestry]
 16248 | D:14     | Reached XP level 15. HP: 122/122 MP: 24/24
 16632 | D:15     | Entered Level 15 of the Dungeon
 16794 | D:15     | Found a staircase to the Depths.
 16868 | D:15     | Reached skill level 10 in Dodging
 17268 | D:15     | Found an iron altar of Okawaru.
 17609 | Orc:1    | Entered Level 1 of the Orcish Mines
 17664 | Orc:1    | Lost mutation: You have claws for feet. [Jiyva's grace]
 17664 | Orc:1    | Lost mutation: Your translucent skin slightly reduces your
                  | foes' accuracy. (Stealth+) [Jiyva's grace]
 17664 | Orc:1    | Gained mutation: Your rubbery body absorbs attacks. (AC +1,
                  | EV +1) [Jiyva's grace]
 17664 | Orc:1    | Gained mutation: Your pliable body absorbs attacks. (AC +2,
                  | EV +2) [Jiyva's grace]
 17664 | Orc:1    | Gained mutation: Your gelatinous body deflects attacks. (AC
                  | +3, EV +3) [Jiyva's grace]
 17664 | Orc:1    | Gained mutation: Your melee attacks may engulf your foes in
                  | ooze. [Jiyva's grace]
 17842 | Orc:2    | Entered Level 2 of the Orcish Mines
 18130 | Orc:2    | Found Boxtyqyc's Armour Boutique.
 18568 | Orc:2    | Found a staircase to the Elven Halls.
 18723 | Orc:2    | Found Qelowk's General Store.
 18723 | Orc:2    | Found Cigg's Book Emporium.
 18725 | Orc:2    | Found Catoriph's Antique Armour Boutique.
 18725 | Orc:2    | Found Letyag's Magic Scroll Emporium.
 18731 | Orc:2    | Bought a potion of flight for 39 gold pieces
 18731 | Orc:2    | Bought a potion of heal wounds for 65 gold pieces
 18734 | Orc:2    | Bought a scroll of magic mapping for 52 gold pieces
 18734 | Orc:2    | Bought a scroll of blinking for 112 gold pieces
 18734 | Orc:2    | Bought a scroll of teleportation for 45 gold pieces
 18741 | Orc:2    | Bought a scroll of identify for 30 gold pieces
 18741 | Orc:2    | Bought a scroll of identify for 30 gold pieces
 18741 | Orc:2    | Bought a scroll of identify for 30 gold pieces
 18741 | Orc:2    | Bought a scroll of identify for 30 gold pieces
 18741 | Orc:2    | Bought a scroll of identify for 30 gold pieces
 18860 | Orc:2    | Acquired a book of the Sky
 18862 | Orc:2    | Acquired 570 gold pieces
 19054 | D:5      | Bought the ring of Neuc {rPois MP+9 EV+4 Str+3} for 941
                  | gold pieces
 19216 | Spider:1 | Entered Level 1 of the Spider Nest
 19300 | Spider:1 | Lost mutation: You have razor-sharp toenails. [Jiyva's
                  | grace]
 19300 | Spider:1 | Lost mutation: You passively map the area around you.
                  | [Jiyva's grace]
 19300 | Spider:1 | Lost mutation: Your melee attacks may engulf your foes in
                  | ooze. [Jiyva's grace]
 19300 | Spider:1 | Gained mutation: Your flesh is heat resistant. (rF+)
                  | [Jiyva's grace]
 19300 | Spider:1 | Gained mutation: Your flesh is very heat resistant. (rF++)
                  | [Jiyva's grace]
 19300 | Spider:1 | Gained mutation: Your flesh is almost immune to the effects
                  | of heat. (rF+++) [Jiyva's grace]
 19300 | Spider:1 | Gained mutation: Your system is resistant to poisons.
                  | (rPois) [Jiyva's grace]
 19367 | Spider:1 | Reached skill level 17 in Unarmed Combat
 19699 | Spider:1 | Reached skill level 5 in Stealth
 20402 | D:6      | Bought a book of Displacement for 240 gold pieces
 20406 | D:6      | Learned a level 3 spell: Lesser Beckoning
 20648 | Spider:2 | Gained mutation: You have an unnaturally thin skeletal
                  | structure. (Dex +6, Stealth+++) [demonic ancestry]
 20648 | Spider:2 | Reached XP level 16. HP: 132/132 MP: 25/25
 21704 | Spider:3 | Lost mutation: You possess an exceptional clarity of mind.
                  | [Jiyva's grace]
 21704 | Spider:3 | Lost mutation: You are resistant to electric shocks.
                  | (rElec) [Jiyva's grace]
 21704 | Spider:3 | Lost mutation: Your gelatinous body deflects attacks. (AC
                  | +3, EV +3) [Jiyva's grace]
 21704 | Spider:3 | Gained mutation: You are robust. (+10% HP) [Jiyva's grace]
 21704 | Spider:3 | Gained mutation: You are very robust. (+20% HP) [Jiyva's
                  | grace]
 21704 | Spider:3 | Gained mutation: You are extremely robust. (+30% HP)
                  | [Jiyva's grace]
 21704 | Spider:3 | Gained mutation: Your melee attacks may engulf your foes in
                  | ooze. [Jiyva's grace]
 22164 | Spider:4 | Entered Level 4 of the Spider Nest
 22587 | Spider:4 | Reached skill level 18 in Unarmed Combat
 22626 | Spider:4 | Learned a level 2 spell: Passwall
 22630 | Spider:4 | Learned a level 3 spell: Swiftness
 22632 | Spider:4 | Learned a level 1 spell: Beastly Appendage
 22725 | Spider:4 | Reached skill level 10 in Transmutations
 22948 | Spider:4 | Noticed Bai Suzhen
 22966 | Spider:4 | Killed Bai Suzhen
 23496 | Spider:4 | Reached XP level 17. HP: 131/182 MP: 3/26
 23511 | Spider:4 | Got a gossamer rune of Zot
 23723 | Shoals:1 | Entered Level 1 of the Shoals
 23924 | D:3      | Bought the ring of Scepticism {Fly Dex+2} for 287 gold
                  | pieces
 24297 | Shoals:1 | Lost mutation: You have extremely sharp teeth. [Jiyva's
                  | grace]
 24297 | Shoals:1 | Lost mutation: Your flesh is almost immune to the effects
                  | of heat. (rF+++) [Jiyva's grace]
 24297 | Shoals:1 | Lost mutation: Your flesh is very heat resistant. (rF++)
                  | [Jiyva's grace]
 24297 | Shoals:1 | Lost mutation: Your pliable body absorbs attacks. (AC +2,
                  | EV +2) [Jiyva's grace]
 24297 | Shoals:1 | Lost mutation: Armour fits poorly on your massive
                  | pseudopods. [Jiyva's grace]
 24297 | Shoals:1 | Gained mutation: Your spells are a little harder to cast,
                  | but a little more powerful. [Jiyva's grace]
 24297 | Shoals:1 | Gained mutation: Your spells are harder to cast, but more
                  | powerful. [Jiyva's grace]
 24297 | Shoals:1 | Gained mutation: Your spells are much harder to cast, but
                  | much more powerful. [Jiyva's grace]
 24297 | Shoals:1 | Lost mutation: You have sharp toenails. [Jiyva's grace]
 24297 | Shoals:1 | Gained mutation: You have large cloven feet. [Jiyva's
                  | grace]
 24350 | Shoals:1 | Found Fucveiro's Jewellery Emporium.
 24522 | Shoals:1 | Reached skill level 1 in Throwing
 24750 | Shoals:2 | Learned a level 3 spell: Ignite Poison
 24753 | Shoals:2 | Learned a level 2 spell: Poisonous Vapours
 24847 | Shoals:2 | Reached skill level 19 in Unarmed Combat
 24868 | Shoals:2 | Reached skill level 1 in Air Magic
 25015 | Shoals:2 | Reached skill level 15 in Fighting
 25088 | Shoals:2 | Found Vauph's Book Emporium.
 25338 | Shoals:3 | Noticed Louise
 25397 | Shoals:3 | Killed Louise
 25560 | Shoals:3 | Lost mutation: You have very sharp teeth. [Jiyva's grace]
 25560 | Shoals:3 | Lost mutation: Your spells are much harder to cast, but
                  | much more powerful. [Jiyva's grace]
 25560 | Shoals:3 | Lost mutation: Your spells are harder to cast, but more
                  | powerful. [Jiyva's grace]
 25560 | Shoals:3 | Lost mutation: Armour fits poorly on your large pseudopods.
                  | [Jiyva's grace]
 25560 | Shoals:3 | Lost mutation: Armour fits poorly on your pseudopods.
                  | [Jiyva's grace]
 25560 | Shoals:3 | Gained mutation: You are partially covered in large bone
                  | plates. (SH +4) [Jiyva's grace]
 25560 | Shoals:3 | Gained mutation: You are mostly covered in large bone
                  | plates. (SH +6) [Jiyva's grace]
 25560 | Shoals:3 | Gained mutation: You are completely covered in large bone
                  | plates. (SH +8) [Jiyva's grace]
 25560 | Shoals:3 | Gained mutation: You are covered in slimy tendrils that may
                  | disarm your opponents. [Jiyva's grace]
 25824 | Shoals:4 | Entered Level 4 of the Shoals
 26006 | Shoals:4 | Found an ancient bone altar of Kikubaaqudgha.
 26239 | Shoals:4 | Identified the +4 scale mail of the Shoals {rC- Str+4
                  | Dex+5}
 26482 | Shoals:4 | Reached XP level 18. HP: 163/193 MP: 27/27
 26569 | Shoals:4 | Found a shadowy altar of Dithmenos.
 26673 | Shoals:4 | Paralysed by an air elemental for 1 turns
 26883 | Shoals:4 | Got a barnacled rune of Zot
 27288 | Elf:1    | Entered Level 1 of the Elven Halls
 27521 | Elf:1    | Reached skill level 1 in Poison Magic
 27907 | Elf:1    | Noticed Azrael
 27929 | Elf:1    | Killed Azrael
 28383 | Elf:2    | Lost mutation: Your flesh is heat resistant. (rF+) [Jiyva's
                  | grace]
 28383 | Elf:2    | Lost mutation: Your system is resistant to poisons. (rPois)
                  | [Jiyva's grace]
 28383 | Elf:2    | Lost mutation: Your rubbery body absorbs attacks. (AC +1,
                  | EV +1) [Jiyva's grace]
 28383 | Elf:2    | Gained mutation: Your mind is acute. (Int +2) [Jiyva's
                  | grace]
 28383 | Elf:2    | Gained mutation: Your mind is very acute. (Int +4) [Jiyva's
                  | grace]
 28383 | Elf:2    | Gained mutation: You expend magic power (3 MP) to
                  | strengthen your wands. [Jiyva's grace]
 28383 | Elf:2    | Gained mutation: Your translucent skin slightly reduces
                  | your foes' accuracy. (Stealth+) [Jiyva's grace]
 28414 | Elf:2    | Found Yshroenwi's General Store.
 28428 | Elf:2    | Learned a level 5 spell: Yara's Violent Unravelling
 28600 | Elf:2    | Reached skill level 20 in Unarmed Combat
 28649 | Elf:2    | Found a huge runed translucent gate.
 28649 | Elf:2    | Found a huge runed translucent gate.
 28649 | Elf:2    | Found a huge runed translucent gate.
 28649 | Elf:2    | Found a huge runed translucent gate.
 28649 | Elf:2    | Found a huge runed translucent gate.
 29119 | Shoals:2 | Bought a book of Weapons for 384 gold pieces
 29125 | Shoals:2 | Learned a level 3 spell: Portal Projectile
 29371 | Elf:3    | Entered Level 3 of the Elven Halls
 29650 | Elf:3    | Noticed Mara
 29694 | Elf:3    | Noticed RepoMan's illusion
 29694 | Elf:3    | Killed Mara
 29759 | Elf:3    | Found Leillafu's Distillery.
 29767 | Elf:3    | Bought a potion of curing for 39 gold pieces
 30358 | Elf:2    | Gained mutation: You have very sharp fingernails. [demonic
                  | ancestry]
 30358 | Elf:2    | Reached XP level 19. HP: 174/203 MP: 24/29
 30500 | Elf:2    | Reached skill level 5 in Throwing
 30500 | Elf:2    | Reached skill level 5 in Translocations
 30500 | Elf:2    | Reached XP level 20. HP: 213/213 MP: 31/31
 30507 | Elf:2    | Learned a level 5 spell: Blade Hands
 30817 | Elf:3    | Identified the ring "Puatoem" {Wiz Dex+2}
 30817 | Elf:3    | Identified the +7 great sword "Labej" {spect, Dex+2}
 30882 | Elf:3    | Lost mutation: You are completely covered in large bone
                  | plates. (SH +8) [Jiyva's grace]
 30882 | Elf:3    | Lost mutation: You passively map a small area around you.
                  | [Jiyva's grace]
 30882 | Elf:3    | Lost mutation: You are extremely robust. (+30% HP) [Jiyva's
                  | grace]
 30882 | Elf:3    | Gained mutation: Your spells are harder to cast, but more
                  | powerful. [Jiyva's grace]
 30882 | Elf:3    | Gained mutation: Your spells are much harder to cast, but
                  | much more powerful. [Jiyva's grace]
 30882 | Elf:3    | Gained mutation: You have a small jelly attached to you
                  | that senses nearby items. [Jiyva's grace]
 30882 | Elf:3    | Gained mutation: A frigid envelope surrounds you and
                  | freezes all who hurt you. [Jiyva's grace]
 31154 | Elf:3    | Identified the +9 hand axe of Hard Scrabble {pain, rN++
                  | Will- Int+3}
 31404 | Elf:3    | Identified the +1 plate armour "Purghiep" {Rampage Dex+2
                  | SInv}
 31426 | Elf:3    | Got the Volume of Curses
 31451 | Elf:3    | Got the Collected Works on Excruciating Curses
 31650 | Elf:3    | Bought a potion of might for 52 gold pieces
 31650 | Elf:3    | Bought a potion of haste for 130 gold pieces
 31650 | Elf:3    | Bought 2 potions of haste for 260 gold pieces
 31650 | Elf:3    | Bought a potion of haste for 130 gold pieces
 31673 | Elf:1    | Acquired the +1 pair of boots of the Watchman {rElec
                  | Regen+}
 31687 | Elf:1    | Acquired the amulet of Wishful Thinking {RegenMP Harm rF+
                  | Dex+4}
 31691 | Elf:1    | Acquired 643 gold pieces
 31695 | Elf:1    | Acquired the Guide on Toxic Bewitchment
 31883 | Vaults:1 | Entered Level 1 of the Vaults
 32433 | Vaults:1 | Reached skill level 15 in Transmutations
 32565 | Vaults:1 | Reached XP level 21. HP: 204/204 MP: 34/34
 32648 | Vaults:1 | Found Ofyupaod's Distillery.
 32656 | Vaults:1 | Reached skill level 5 in Air Magic
 32668 | Vaults:1 | Bought a potion of haste for 140 gold pieces
 32668 | Vaults:1 | Bought a potion of curing for 42 gold pieces
 32668 | Vaults:1 | Bought a potion of heal wounds for 70 gold pieces
 32668 | Vaults:1 | Bought a potion of curing for 42 gold pieces
 32748 | Vaults:1 | Reached skill level 21 in Unarmed Combat
 32980 | Vaults:1 | Found Beniak's Jewellery Boutique.
 32984 | Vaults:1 | Found a gateway to a bazaar.
 32987 | Vaults:1 | Found Quomyph's Magic Scroll Emporium.
 32993 | Bazaar   | Entered a bazaar
 32993 | Bazaar   | Found Qini's Magic Scroll Shoppe.
 32993 | Bazaar   | Found Pighifoi's Magic Scroll Emporium.
 32993 | Bazaar   | Found Wafix's Distillery.
 32993 | Bazaar   | Found Pohe's Jewellery Shoppe.
 33031 | Bazaar   | Bought a scroll of blinking for 82 gold pieces
 33031 | Bazaar   | Bought a scroll of teleportation for 33 gold pieces
 33033 | Bazaar   | Bought a potion of haste for 90 gold pieces
 33033 | Bazaar   | Bought a potion of heal wounds for 45 gold pieces
 33033 | Bazaar   | Bought a potion of curing for 27 gold pieces
 33033 | Bazaar   | Bought a potion of resistance for 90 gold pieces
 33045 | Vaults:1 | Bought a scroll of silence for 135 gold pieces
 33045 | Vaults:1 | Bought a scroll of fog for 36 gold pieces
 33250 | Vaults:2 | Noticed Frederick
 33260 | Vaults:2 | Killed Frederick
 33371 | Vaults:2 | Reached skill level 10 in Spellcasting
 33499 | Vaults:2 | Learned a level 5 spell: Alistair's Intoxication
 33748 | Vaults:2 | Found a staircase to the Crypt.
 33873 | Vaults:2 | Lost mutation: You have large cloven feet. [Jiyva's grace]
 33873 | Vaults:2 | Lost mutation: A frigid envelope surrounds you and freezes
                  | all who hurt you. [Jiyva's grace]
 33873 | Vaults:2 | Lost mutation: You are very robust. (+20% HP) [Jiyva's
                  | grace]
 33873 | Vaults:2 | Lost mutation: Your spells are much harder to cast, but
                  | much more powerful. [Jiyva's grace]
 33873 | Vaults:2 | Lost mutation: You are covered in slimy tendrils that may
                  | disarm your opponents. [Jiyva's grace]
 33873 | Vaults:2 | Lost mutation: You have a small jelly attached to you that
                  | senses nearby items. [Jiyva's grace]
 33873 | Vaults:2 | Lost mutation: You have a small jelly attached to you that
                  | may absorb projectiles. [Jiyva's grace]
 33873 | Vaults:2 | Gained mutation: Your body has grown eyes which may confuse
                  | attackers. (Acc +3) [Jiyva's grace]
 33873 | Vaults:2 | Gained mutation: Your body has grown many eyes which may
                  | confuse attackers. (Acc +5) [Jiyva's grace]
 33873 | Vaults:2 | Gained mutation: Your body is covered in eyes which may
                  | confuse attackers. (Acc +7, SInv) [Jiyva's grace]
 33873 | Vaults:2 | Gained mutation: You are completely covered in large bone
                  | plates. (SH +8) [Jiyva's grace]
 34018 | Vaults:2 | Found Waduc's Armour Shop.
 34168 | Vaults:2 | Noticed Aizul
 34185 | Vaults:2 | Killed Aizul
 34539 | Vaults:3 | Found a huge runed gate.
 34539 | Vaults:3 | Found a huge runed gate.
 34539 | Vaults:3 | Found a huge runed gate.
 34539 | Vaults:3 | Found a huge runed gate.
 34539 | Vaults:3 | Found a huge runed gate.
 34539 | Vaults:3 | Found a huge runed gate.
 34539 | Vaults:3 | Found a huge runed gate.
 34540 | Vaults:3 | Found a huge runed gate.
 34540 | Vaults:3 | Found a huge runed gate.
 34541 | Vaults:3 | Found a huge runed gate.
 34602 | Vaults:3 | Found a huge runed gate.
 34602 | Vaults:3 | Found a huge runed gate.
 34602 | Vaults:3 | Found a huge runed gate.
 34602 | Vaults:3 | Found a huge runed gate.
 34602 | Vaults:3 | Found a huge runed gate.
 34602 | Vaults:3 | Found a huge runed gate.
 34603 | Vaults:3 | Found a huge runed gate.
 34604 | Vaults:3 | Found a huge runed gate.
 34605 | Vaults:3 | Found a huge runed gate.
 34613 | Vaults:3 | Found a huge runed gate.
 34613 | Vaults:3 | Found a huge runed gate.
 34613 | Vaults:3 | Found a huge runed gate.
 34613 | Vaults:3 | Found a huge runed gate.
 34613 | Vaults:3 | Found a huge runed gate.
 34613 | Vaults:3 | Found a huge runed gate.
 34614 | Vaults:3 | Found a huge runed gate.
 34615 | Vaults:3 | Found a huge runed gate.
 34616 | Vaults:3 | Found a huge runed gate.
 34624 | Vaults:3 | Found a huge runed gate.
 34624 | Vaults:3 | Found a huge runed gate.
 34624 | Vaults:3 | Found a huge runed gate.
 34624 | Vaults:3 | Found a huge runed gate.
 34624 | Vaults:3 | Found a huge runed gate.
 34624 | Vaults:3 | Found a huge runed gate.
 34624 | Vaults:3 | Found a huge runed gate.
 34625 | Vaults:3 | Found a huge runed gate.
 34991 | Vaults:3 | Gained mutation: You have claws for hands. [demonic
                  | ancestry]
 34991 | Vaults:3 | Reached XP level 22. HP: 180/194 MP: 36/36
 35099 | Vaults:3 | Identified the amulet of Xeifilos {Faith Drain Will+++
                  | Str-3 Int+5}
 35440 | Vaults:3 | Found Ashaobil's Armour Emporium.
 35706 | Vaults:4 | Learned a level 5 spell: Silence
 35900 | Vaults:4 | Found Oplih's Weapon Boutique.
 35929 | Vaults:4 | Lost mutation: You are completely covered in large bone
                  | plates. (SH +8) [Jiyva's grace]
 35929 | Vaults:4 | Lost mutation: You are very agile. (Dex +4) [Jiyva's grace]
 35929 | Vaults:4 | Lost mutation: Your mind is very acute. (Int +4) [Jiyva's
                  | grace]
 35929 | Vaults:4 | Lost mutation: You are robust. (+10% HP) [Jiyva's grace]
 35929 | Vaults:4 | Lost mutation: Your spells are harder to cast, but more
                  | powerful. [Jiyva's grace]
 35929 | Vaults:4 | Lost mutation: Your body is covered in eyes which may
                  | confuse attackers. (Acc +7, SInv) [Jiyva's grace]
 35929 | Vaults:4 | Lost mutation: Your translucent skin slightly reduces your
                  | foes' accuracy. (Stealth+) [Jiyva's grace]
 35929 | Vaults:4 | Gained mutation: You possess an exceptional clarity of
                  | mind. [Jiyva's grace]
 35929 | Vaults:4 | Gained mutation: You have a pair of small horns on your
                  | head. [Jiyva's grace]
 35929 | Vaults:4 | Gained mutation: You have a pair of horns on your head.
                  | [Jiyva's grace]
 35929 | Vaults:4 | Gained mutation: You have a pair of large horns on your
                  | head. [Jiyva's grace]
 36398 | Vaults:4 | Identified the +2 pair of gloves "Qel Bow" {Harm Str+5}
 36780 | Vaults:5 | Entered Level 5 of the Vaults
 36781 | Vaults:5 | Noticed an ancient lich
 36784 | Vaults:5 | Found Cegahos's Antique Armour Shoppe.
 36785 | Vaults:5 | Identified the +3 demon whip of Dishonesty {elec, Fragile
                  | rElec rN+ Int+2}
 36800 | Vaults:5 | HP: 6/177 [deep elf annihilator/crystal spear (41)]
 36803 | Vaults:5 | Found the +18 shield of the Gong {rElec rN+ Will+ EV-5}
 37016 | Vaults:5 | Learned a level 7 spell: Storm Form
 37123 | Vaults:5 | Identified the +3 dagger "Demonbane" {speed, Fly rElec rN+
                  | Str+2}
 37187 | Vaults:5 | Noticed an ancient lich
 37207 | Vaults:5 | Killed an ancient lich
 37209 | Vaults:5 | Killed an ancient lich
 37358 | Vaults:5 | Identified the ring "Ceerol" {rC+ Str+3 Int+2}
 37392 | Vaults:5 | Noticed an ancient lich
 37400 | Vaults:5 | Killed an ancient lich
 37401 | Vaults:5 | Reached skill level 22 in Unarmed Combat
 37401 | Vaults:5 | Reached XP level 23. HP: 185/185 MP: 38/38
 37415 | Vaults:5 | Identified the ring of Moderation {rElec rCorr EV+4 Int-4
                  | Dex-5}
 37498 | Vaults:5 | Identified the ring "Xeuzuos" {+Blink rC- Will+ Str+6 SInv}
 37509 | Vaults:5 | Got the Papyrus of Air
 37513 | Vaults:5 | Got a silver rune of Zot
 37666 | Vaults:5 | Lost mutation: You have a pair of large horns on your head.
                  | [Jiyva's grace]
 37666 | Vaults:5 | Lost mutation: You have a pair of horns on your head.
                  | [Jiyva's grace]
 37666 | Vaults:5 | Lost mutation: You are mostly covered in large bone plates.
                  | (SH +6) [Jiyva's grace]
 37666 | Vaults:5 | Lost mutation: You possess an exceptional clarity of mind.
                  | [Jiyva's grace]
 37666 | Vaults:5 | Lost mutation: Your body has grown many eyes which may
                  | confuse attackers. (Acc +5) [Jiyva's grace]
 37666 | Vaults:5 | Gained mutation: You have acidic saliva. [Jiyva's grace]
 37666 | Vaults:5 | Gained mutation: You have a small jelly attached to you
                  | that senses nearby items. [Jiyva's grace]
 37666 | Vaults:5 | Gained mutation: Your body has grown many eyes which may
                  | confuse attackers. (Acc +5) [Jiyva's grace]
 37666 | Vaults:5 | Gained mutation: Your body is covered in eyes which may
                  | confuse attackers. (Acc +7, SInv) [Jiyva's grace]
 37681 | Vaults:5 | Noticed Sojobo
 37710 | Vaults:5 | Killed Sojobo
 37731 | Vaults:5 | Found Konynaka's Distillery.
 37746 | Vaults:5 | Bought a potion of heal wounds for 100 gold pieces
 37746 | Vaults:5 | Bought a potion of curing for 60 gold pieces
 37746 | Vaults:5 | Bought a potion of curing for 60 gold pieces
 37783 | Vaults:5 | Found Fatiwumu's Magic Scroll Shop.
 37791 | Vaults:5 | Bought a scroll of blinking for 105 gold pieces
 37791 | Vaults:5 | Bought a scroll of blinking for 105 gold pieces
 38111 | Vaults:5 | Learned a level 6 spell: Statue Form
 38336 | Depths:1 | Entered Level 1 of the Depths
 38636 | Depths:1 | Reached skill level 10 in Air Magic
 39303 | Depths:1 | Found a gateway to Hell.
 39483 | Depths:1 | Lost mutation: You have a pair of small horns on your head.
                  | [Jiyva's grace]
 39483 | Depths:1 | Lost mutation: You expend magic power (3 MP) to strengthen
                  | your wands. [Jiyva's grace]
 39483 | Depths:1 | Gained mutation: You passively map a small area around you.
                  | [Jiyva's grace]
 39483 | Depths:1 | Gained mutation: You passively map the area around you.
                  | [Jiyva's grace]
 39483 | Depths:1 | Gained mutation: You passively map a large area around you.
                  | [Jiyva's grace]
 39483 | Depths:1 | Gained mutation: You are robust. (+10% HP) [Jiyva's grace]
 39591 | Depths:2 | Found a one-way gate to the infinite horrors of the Abyss.
 39673 | Depths:2 | Found a one-way gate leading to the halls of Pandemonium.
 39805 | Depths:2 | You fall into a shaft and drop 2 floors!
 39805 | Depths:4 | Entered Level 4 of the Depths
 39854 | Depths:2 | Found a one-way gateway to a ziggurat.
 39962 | Depths:2 | Found Laetsero's Jewellery Shoppe.
 39964 | Depths:2 | Found Qoat's Book Shop.
 39965 | Depths:2 | Found Fecuq's Jewellery Shoppe.
 40050 | Depths:2 | Identified the +1 quarterstaff of Ravage {antimagic, Drain
                  | rPois rN+++ Dex-3}
 40523 | Depths:3 | Lost mutation: You are agile. (Dex +2) [Jiyva's grace]
 40523 | Depths:3 | Lost mutation: Your body is covered in eyes which may
                  | confuse attackers. (Acc +7, SInv) [Jiyva's grace]
 40523 | Depths:3 | Lost mutation: Your body has grown many eyes which may
                  | confuse attackers. (Acc +5) [Jiyva's grace]
 40523 | Depths:3 | Lost mutation: You have a small jelly attached to you that
                  | senses nearby items. [Jiyva's grace]
 40523 | Depths:3 | Lost mutation: Your melee attacks may engulf your foes in
                  | ooze. [Jiyva's grace]
 40523 | Depths:3 | Gained mutation: Your body has grown many eyes which may
                  | confuse attackers. (Acc +5) [Jiyva's grace]
 40523 | Depths:3 | Gained mutation: Your body is covered in eyes which may
                  | confuse attackers. (Acc +7, SInv) [Jiyva's grace]
 40523 | Depths:3 | Gained mutation: You have a small jelly attached to you
                  | that senses nearby items. [Jiyva's grace]
 40523 | Depths:3 | Gained mutation: You have a pair of small horns on your
                  | head. [Jiyva's grace]
 40668 | Depths:3 | Mutation became permanent: You are robust. (+10% HP)
                  | [demonic ancestry]
 40668 | Depths:3 | Gained mutation: You are robust. (+10% HP) [demonic
                  | ancestry]
 40668 | Depths:3 | Reached XP level 24. HP: 195/214 MP: 39/39
 40676 | Depths:3 | Identified the amulet of Greed {Acrobat rPois rC+}
 40865 | Depths:4 | Found a gate to the Realm of Zot.
 40953 | Depths:4 | Noticed a juggernaut
 40962 | Depths:4 | Killed a juggernaut
 41237 | Zig:1    | Entered Level 1 of a ziggurat
 41301 | Zig:2    | Entered Level 2 of a ziggurat
 41302 | Zig:2    | Noticed Saklot the pandemonium lord
 41314 | Zig:2    | Killed Saklot the pandemonium lord
 41321 | Zig:2    | Reached skill level 1 in Polearms
 41321 | Zig:2    | Reached skill level 1 in Shields
 41321 | Zig:2    | Reached skill level 23 in Unarmed Combat
 41321 | Zig:2    | Gained mutation: You are very robust. (+20% HP) [demonic
                  | ancestry]
 41321 | Zig:2    | Reached XP level 25. HP: 191/241 MP: 40/40
 41323 | Zig:3    | Entered Level 3 of a ziggurat
 41336 | Zig:3    | Identified the +1 leather armour of Proximity {Dex+2}
 41375 | Zig:4    | Entered Level 4 of a ziggurat
 41399 | Zig:5    | Entered Level 5 of a ziggurat
 41428 | Zig:5    | Got the Collected Works on the Destructive Snowflakes
 41431 | Zig:5    | Identified the ring of Loamoc {rElec rF+ rN++}
 41452 | Zig:6    | Entered Level 6 of a ziggurat
 41452 | Zig:6    | Lost mutation: You have a pair of small horns on your head.
                  | [Jiyva's grace]
 41452 | Zig:6    | Lost mutation: Your mind is acute. (Int +2) [Jiyva's grace]
 41452 | Zig:6    | Gained mutation: A frigid envelope surrounds you and
                  | freezes all who hurt you. [Jiyva's grace]
 41452 | Zig:6    | Gained mutation: You possess an exceptional clarity of
                  | mind. [Jiyva's grace]
 41452 | Zig:6    | Gained mutation: Your muscles are strong. (Str +2) [Jiyva's
                  | grace]
 41452 | Zig:6    | Gained mutation: Your muscles are very strong. (Str +4)
                  | [Jiyva's grace]
 41456 | Zig:6    | Noticed a Killer Klown
 41457 | Zig:6    | Noticed a Killer Klown
 41460 | Zig:6    | Killed a Killer Klown
 41462 | Zig:6    | Killed a Killer Klown
 41481 | Zig:6    | Identified the +4 halberd of Wuppug {speed, rC+ Stlth+}
 41489 | Zig:7    | Entered Level 7 of a ziggurat
 41495 | Zig:7    | Noticed an ancient lich
 41502 | Zig:7    | Killed an ancient lich
 41547 | Zig:8    | Entered Level 8 of a ziggurat
 41564 | Zig:8    | Identified the +5 dagger "Teass" {elec, Stlth+}
 41615 | Zig:8    | Learned a level 5 spell: Manifold Assault
 41658 | Depths:2 | Voluntarily entered the Abyss.
 42360 | Abyss:5  | Entered Level 5 of the Abyss
 42365 | Abyss:5  | Gained mutation: You are extremely robust. (+30% HP)
                  | [demonic ancestry]
 42365 | Abyss:5  | Reached XP level 26. HP: 234/263 MP: 40/40
 42365 | Abyss:5  | Gained mutation: A powerful demonic guardian rushes to your
                  | aid. [demonic ancestry]
 42365 | Abyss:5  | Reached XP level 27. HP: 242/272 MP: 40/40
 42365 | Abyss:5  | Got an abyssal rune of Zot
 42490 | Abyss:5  | Found a corrupted altar of Lugonu.
 42496 | Depths:2 | Escaped the Abyss
 42531 | Pan      | Entered Pandemonium
 42570 | Pan      | Noticed Rywolu the pandemonium lord
 42595 | Pan      | Killed Rywolu the pandemonium lord
 42680 | Pan      | Got a demonic rune of Zot
 42902 | Pan      | Reached skill level 24 in Unarmed Combat
 43152 | Pan      | Found an exit through the horrors of the Abyss.
 43250 | Pan      | Took an exit into the Abyss.
 43250 | Abyss:1  | Escaped into the Abyss
 43271 | Abyss:2  | Found an ornate altar of the Wu Jian Council.
 43303 | Depths:2 | Escaped the Abyss
 43353 | Depths:2 | Bought the amulet "Otseavu" {RegenMP rPois Regen+ Slay+2
                  | Stlth-} for 867 gold pieces
 43417 | Pan      | Entered the realm of Cerebov.
 43417 | Pan      | Entered Pandemonium
 43492 | Pan      | Found an exit through the horrors of the Abyss.
 43742 | Pan      | Found the +6 sword of Cerebov {flame}
 43742 | Pan      | Noticed Cerebov
 43917 | Pan      | Killed Cerebov
 43935 | Pan      | Got a fiery rune of Zot
 43949 | Pan      | Got the Catalogue of Enchantment
 44003 | Pan      | Identified the +1 ring mail "Zuploim" {-Tele MP+9 Slay+3}
 44004 | Pan      | Identified the +6 hand crossbow of Inference {penet, rElec
                  | rF+}
 44005 | Pan      | Identified the ring of Josei {rF+ Slay+4}
 44087 | Pan      | Identified the +4 great mace of Cruel Justice {elec, rC+}
 44088 | Pan      | Identified the +5 ice dragon scales of Focus {+Blink rF-
                  | rC++ Str+4 Dex+3}
 44290 | Pan      | Lost mutation: You possess an exceptional clarity of mind.
                  | [Jiyva's grace]
 44290 | Pan      | Lost mutation: Your muscles are very strong. (Str +4)
                  | [Jiyva's grace]
 44290 | Pan      | Lost mutation: You have acidic saliva. [Jiyva's grace]
 44290 | Pan      | Lost mutation: You have a small jelly attached to you that
                  | senses nearby items. [Jiyva's grace]
 44290 | Pan      | Gained mutation: You have a pair of small antennae on your
                  | head. [Jiyva's grace]
 44290 | Pan      | Gained mutation: You have a pair of antennae on your head.
                  | [Jiyva's grace]
 44290 | Pan      | Gained mutation: You have a pair of large antennae on your
                  | head. (SInv) [Jiyva's grace]
 44290 | Pan      | Gained mutation: Your melee attacks may engulf your foes in
                  | ooze. [Jiyva's grace]
 44313 | Pan      | Noticed Ykyschaf the pandemonium lord
 44328 | Pan      | Killed Ykyschaf the pandemonium lord
 44408 | Pan      | Identified the +7 morningstar of the Trees {vamp, rElec
                  | rF++ rCorr Int-2}
 44495 | Pan      | Entered the realm of Gloorx Vloq.
 44601 | Pan      | Noticed Gloorx Vloq
 44611 | Pan      | Reached skill level 25 in Unarmed Combat
 44616 | Pan      | Killed Gloorx Vloq
 44628 | Pan      | Got a dark rune of Zot
 44948 | Pan      | Noticed Wurhaky the pandemonium lord
 44961 | Pan      | Killed Wurhaky the pandemonium lord
 45146 | Pan      | Reached skill level 10 in Shields
 45244 | Pan      | Noticed Zeleluargh the pandemonium lord
 45256 | Pan      | Killed Zeleluargh the pandemonium lord
 45257 | Pan      | Found an exit through the horrors of the Abyss.
 45271 | Pan      | Lost mutation: A frigid envelope surrounds you and freezes
                  | all who hurt you. [Jiyva's grace]
 45271 | Pan      | Lost mutation: You passively map a large area around you.
                  | [Jiyva's grace]
 45271 | Pan      | Lost mutation: Your spells are a little harder to cast, but
                  | a little more powerful. [Jiyva's grace]
 45271 | Pan      | Lost mutation: Your body is covered in eyes which may
                  | confuse attackers. (Acc +7, SInv) [Jiyva's grace]
 45271 | Pan      | Gained mutation: A frigid envelope surrounds you and
                  | freezes all who hurt you. [Jiyva's grace]
 45271 | Pan      | Gained mutation: Your flesh is heat resistant. (rF+)
                  | [Jiyva's grace]
 45271 | Pan      | Gained mutation: Your flesh is very heat resistant. (rF++)
                  | [Jiyva's grace]
 45271 | Pan      | Gained mutation: Your flesh is almost immune to the effects
                  | of heat. (rF+++) [Jiyva's grace]
 45296 | Pan      | Entered the realm of Mnoleg.
 45573 | Pan      | Gained mutation: Your magical capacity is low. (-10% MP) [a
                  | neqoxec]
 45585 | Pan      | Gained mutation: Your magical capacity is very low. (-20%
                  | MP) [a cacodemon]
 45604 | Pan      | Noticed Mnoleg
 45618 | Pan      | Gained mutation: Your magical capacity is extremely low.
                  | (-30% MP) [Mnoleg's mutagenic touch]
 45621 | Pan      | Gained mutation: You are clumsy. (Dex -2) [a cacodemon]
 45628 | Pan      | Gained mutation: Armour fits poorly on your strangely
                  | shaped body. [a cacodemon]
 45635 | Pan      | Killed Mnoleg
 45763 | Pan      | Got a glowing rune of Zot
 45896 | Pan      | Noticed Lehaxok the pandemonium lord
 45922 | Pan      | Killed Lehaxok the pandemonium lord
 45976 | Pan      | Found an exit through the horrors of the Abyss.
 45993 | Pan      | Found an exit through the horrors of the Abyss.
 46162 | Pan      | Noticed Ybbiett the pandemonium lord
 46567 | Pan      | Identified the +3 leather armour of Follow the Leader
                  | {Rampage Int+3 Dex+3 Stlth-}
 46603 | Pan      | Acquired 427 gold pieces
 46635 | Pan      | Identified the +1 chain mail "Abiap" {Rampage rPois rC-}
 46744 | Pan      | Identified the +8 tower shield of the Snail {rElec Dex+2}
 46852 | Depths:2 | Escaped Pandemonium
 46905 | Depths:2 | Bought a Necronomicon for 1064 gold pieces
 47200 | D:3      | Bought the ring of Shadows {Umbra +Inv Stlth+} for 400 gold
                  | pieces
 47200 | D:3      | Found the ring of Shadows {Umbra +Inv Stlth+}
 47502 | Pan      | Entered Pandemonium
 47642 | Pan      | Noticed Ilemoyso the pandemonium lord
 47849 | Pan      | Noticed Iniphel the pandemonium lord
 47865 | Pan      | Killed Iniphel the pandemonium lord
 47949 | Pan      | Entered the realm of Lom Lobon.
 47996 | Pan      | Lost mutation: You are clumsy. (Dex -2) [Jiyva's grace]
 47996 | Pan      | Lost mutation: Your magical capacity is extremely low.
                  | (-30% MP) [Jiyva's grace]
 47996 | Pan      | Lost mutation: Your magical capacity is very low. (-20% MP)
                  | [Jiyva's grace]
 47996 | Pan      | Lost mutation: Your magical capacity is low. (-10% MP)
                  | [Jiyva's grace]
 47996 | Pan      | Lost mutation: Your body has grown many eyes which may
                  | confuse attackers. (Acc +5) [Jiyva's grace]
 47996 | Pan      | Gained mutation: Armour fits poorly on your pseudopods.
                  | [Jiyva's grace]
 47996 | Pan      | Gained mutation: Armour fits poorly on your large
                  | pseudopods. [Jiyva's grace]
 47996 | Pan      | Gained mutation: Armour fits poorly on your massive
                  | pseudopods. [Jiyva's grace]
 47996 | Pan      | Gained mutation: Your mind is acute. (Int +2) [Jiyva's
                  | grace]
 48159 | Pan      | Found an exit through the horrors of the Abyss.
 48888 | Pan      | Noticed Lom Lobon
 49159 | Pan      | Killed Lom Lobon
 49163 | Pan      | Reached skill level 15 in Spellcasting
 49185 | Pan      | Got a magical rune of Zot
 49318 | Pan      | Reached skill level 1 in Earth Magic
 49341 | Depths:2 | Escaped Pandemonium
 49515 | Zot:1    | Entered Level 1 of the Realm of Zot
 49681 | Zot:1    | Noticed an orb of fire
 49972 | Zot:1    | Identified the +9 plate armour of Axinype {rPois Will+}
 50005 | Zot:1    | Reached skill level 5 in Polearms
 50239 | Zot:2    | Lost mutation: You have a pair of large antennae on your
                  | head. (SInv) [Jiyva's grace]
 50239 | Zot:2    | Lost mutation: Armour fits poorly on your strangely shaped
                  | body. [Jiyva's grace]
 50239 | Zot:2    | Lost mutation: You passively map the area around you.
                  | [Jiyva's grace]
 50239 | Zot:2    | Lost mutation: Armour fits poorly on your massive
                  | pseudopods. [Jiyva's grace]
 50239 | Zot:2    | Gained mutation: You are covered in slimy tendrils that may
                  | disarm your opponents. [Jiyva's grace]
 50239 | Zot:2    | Gained mutation: Your system is resistant to poisons.
                  | (rPois) [Jiyva's grace]
 50239 | Zot:2    | Gained mutation: Armour fits poorly on your massive
                  | pseudopods. [Jiyva's grace]
 50239 | Zot:2    | Gained mutation: You have supernaturally acute eyesight.
                  | (SInv) [Jiyva's grace]
 50251 | Zot:2    | Found a corrupted altar of Lugonu.
 50547 | Zot:2    | Got the Grimoire of the Zealot
 50601 | Zot:2    | Learned a level 7 spell: Dragon Form
 51205 | Crypt:1  | Entered Level 1 of the Crypt
 51583 | Crypt:1  | Reached skill level 10 in Polearms
 52038 | Crypt:2  | Found a magical portal.
 52048 | WizLab   | Entered The Roulette of Golubria
 52048 | WizLab   | Found a transporter.
 52052 | WizLab   | Found a corrupted altar of Lugonu.
 52098 | WizLab   | Found a transporter.
 52143 | WizLab   | Lost mutation: You have supernaturally acute eyesight.
                  | (SInv) [Jiyva's grace]
 52143 | WizLab   | Lost mutation: Your mind is acute. (Int +2) [Jiyva's grace]
 52143 | WizLab   | Lost mutation: Your flesh is almost immune to the effects
                  | of heat. (rF+++) [Jiyva's grace]
 52143 | WizLab   | Lost mutation: A frigid envelope surrounds you and freezes
                  | all who hurt you. [Jiyva's grace]
 52143 | WizLab   | Lost mutation: You passively map a small area around you.
                  | [Jiyva's grace]
 52143 | WizLab   | Gained mutation: You have a small jelly attached to you
                  | that senses nearby items. [Jiyva's grace]
 52143 | WizLab   | Gained mutation: You have acidic saliva. [Jiyva's grace]
 52143 | WizLab   | Gained mutation: You are strong-willed. (Will+) [Jiyva's
                  | grace]
 52143 | WizLab   | Gained mutation: You are highly strong-willed. (Will++)
                  | [Jiyva's grace]
 52167 | WizLab   | Found a transporter.
 52199 | WizLab   | Found a transporter.
 52209 | WizLab   | Found a transporter.
 52225 | WizLab   | Found a transporter.
 52225 | WizLab   | Found a transporter.
 52245 | WizLab   | Found a transporter.
 52269 | WizLab   | Found a transporter.
 52269 | WizLab   | Found a transporter.
 52287 | WizLab   | Found a transporter.
 52287 | WizLab   | Found a transporter.
 52307 | WizLab   | Found a transporter.
 52310 | WizLab   | Found a transporter.
 52322 | WizLab   | Got the Compendium of the Manifold Priests
 52329 | WizLab   | Identified the +0 cloak of Baab {Regen+ Str+5 Dex+6}
 52339 | WizLab   | Identified the +3 cloak of the Untouchables {Contam +Inv
                  | rN+++ Int+2}
 52341 | WizLab   | Identified the +5 cloak of Resilience {*Corrode +Inv rPois
                  | Regen+}
 52595 | Crypt:3  | Entered Level 3 of the Crypt
 52671 | Crypt:3  | Found a basalt altar of Yredelemnul.
 52786 | Crypt:3  | Noticed Jory
 52809 | Crypt:3  | Killed Jory
 52844 | Crypt:3  | Found a staircase to the Tomb.
 52857 | Crypt:3  | Identified the ring "Ufeuv" {Wiz rN+ Str+4}
 53289 | Crypt:3  | Reached skill level 15 in Polearms
 53324 | Crypt:3  | Got Zaiw's Tome of Black Magic
 53704 | Hell     | Entered the Vestibule of Hell
 53706 | Hell     | Noticed Geryon
 53786 | Hell     | Found a gateway to the ashen valley of Gehenna.
 53946 | Hell     | Found a gateway to the freezing wastes of Cocytus.
 53994 | Hell     | Killed Geryon
 54033 | Hell     | Found a gateway to the Iron City of Dis.
 54090 | Dis:1    | Entered Level 1 of the Iron City of Dis
 54315 | Dis:1    | Noticed a dread lich
 54319 | Dis:1    | Killed a dread lich
 54343 | Dis:1    | Lost mutation: Your flesh is very heat resistant. (rF++)
                  | [Jiyva's grace]
 54343 | Dis:1    | Lost mutation: Your flesh is heat resistant. (rF+) [Jiyva's
                  | grace]
 54343 | Dis:1    | Lost mutation: You are highly strong-willed. (Will++)
                  | [Jiyva's grace]
 54343 | Dis:1    | Lost mutation: You are covered in slimy tendrils that may
                  | disarm your opponents. [Jiyva's grace]
 54343 | Dis:1    | Gained mutation: You are covered in slimy tendrils that may
                  | disarm your opponents. [Jiyva's grace]
 54343 | Dis:1    | Gained mutation: Your mind is acute. (Int +2) [Jiyva's
                  | grace]
 54343 | Dis:1    | Gained mutation: Your mind is very acute. (Int +4) [Jiyva's
                  | grace]
 54343 | Dis:1    | Gained mutation: Your rubbery body absorbs attacks. (AC +1,
                  | EV +1) [Jiyva's grace]
 54479 | Dis:2    | Noticed an ancient lich
 54816 | Dis:4    | Reached skill level 5 in Earth Magic
 55058 | Dis:5    | HP: 10/323 [war gargoyle (10)]
 55058 | Dis:5    | HP: 4/323 [+4 vorpal glaive (6)]
 55183 | Hell     | Found a gateway to the decaying netherworld of Tartarus.
 55389 | Coc:1    | Entered Level 1 of Cocytus
 55534 | Coc:2    | Paralysed by a wendigo for 1 turns
 55539 | Coc:2    | Paralysed by a wendigo for 1 turns
 55739 | Coc:5    | Was placed under penance by Jiyva
 56257 | Zot:3    | Was forgiven by Jiyva
 56888 | Coc:6    | HP: 15/367 [elemental wellspring/torrent of water (13)]
 56889 | Coc:6    | Killed from afar by an elemental wellspring

Illustrated notes

Levels and vault maps discovered:
D:1:      onia_arrival_mini_spirals, layout_loops_cross,
          shapermc_ecumenical_altar_rom_forum, minmay_misc_feat_four_crosses
D:2:      layout_basic, basic_altar, minmay_door_square
D:3:      layout_basic, serial_shops, shop, uniq_robin
D:4:      minmay_chambers_of_twos, layout_gridville, minmay_temple_entry_waves,
          serial_shops, nicolae_shop_waterfront, uniq_blork_the_orc
D:5:      layout_cave_pools, serial_shops, nicolae_shop_hallway_plus,
          kennysheep_mini, serial_gnoll_camp, gnoll_camp_mini_shop,
          gnoll_camp_mini_basic, gnoll_camp_mini_shop,
          gnoll_camp_mini_loothouse, gnoll_camp_mini_house,
          chequers_mini_garden, hangedman_decor_opposing,
          kennysheep_generic_room_7
D:6:      layout_basic, serial_shops, shop, chequers_serial_rivers_micro_c,
          kennysheep_path_1, minmay_crystal_room
D:7:      layout_loops_ring, minivault_4
D:8:      layout_cave_pods
D:9:      layout_cave_pools, nicolae_overflow_hidden_temple,
          due_lair_maze_entry_diamond, ebering_ghost_disaster_area, uniq_pikel
D:10:     gammafunk_cloud_chamber, layout_loops_corners,
          minmay_orc_entry_temple_small, gammafunk_ghost_hive
D:11:     layout_long_grid, serial_shops, shop, st_stairs_4
D:12:     layout_loops_ring, uniq_psyche, uniq_kirke, uniq_josephine,
          uniq_maurice, uniq_urug
D:13:     layout_long_grid, uniq_frances, uniq_sonja
D:14:     layout_long_grid, grunt_vaults_entry_tiered, lemuel_round_altar
D:15:     grunt_enter_depths_giant_problem, layout_loops_ring, okawaru_trees_1
Lair:1:   layout_cave_shapes, portal_ice_cave_entry_ice_simulacra,
          serial_forest, infiniplex_forest_straight_4,
          infiniplex_forest_straight_3, infiniplex_forest_straight_2,
          infiniplex_forest_clump_medium, infiniplex_forest_end_2, uniq_fannar
Lair:2:   layout_small_grid, spider_nest_entry_web_field,
          nicolae_lair_grazing_beasts [nicolae_sub_lair_graze_edge,
          nicolae_sub_lair_graze_edge, nicolae_sub_lair_graze_edge,
          nicolae_sub_lair_graze_edge], grunt_megastairs_4, uniq_nergalle,
          uniq_gastronok, uniq_maggie
Lair:3:   layout_cave_pods, minmay_shoals_entry_beasts,
          chequers_serial_rivers_small_a
Lair:4:   layout_hall_layers, basic_altar, uniq_snorg
Lair:5:   layout_gridlike, chequers_serial_rivers_large_b,
          nzn_masters_of_martial_movement, grunt_megastairs_1,
          infiniplex_staircase_pool
Lair:6:   grunt_lair_end_beastmaster, layout_long_grid, slime_dummy
Shoals:1: cheibrodos_shoals_three_sisters, layout_shoals,
          minmay_shop_enchanted_jewellery
Shoals:2: layout_shoals, serial_shops, nicolae_stop_n_shop_1
Shoals:3: layout_shoals, uniq_louise
Shoals:4: shoals_end_hellmonk_storm_palace [storm_palace_center_square,
          storm_palace_corner_blocked, storm_palace_corner_altar,
          storm_palace_corner_altar, storm_palace_corner_grid]
Spider:1: layout_spider_delve
Spider:2: layout_spider_delve
Spider:3: layout_chambers, hive_lemuel
Spider:4: grunt_spider_rune_circles, uniq_bai_suzhen
Slime:1:  layout_caves, cheibrodos_slime_lost_civilization_5
Slime:2:  layout_caves
Slime:3:  layout_caves, dissolution_awaits
Slime:4:  layout_caves, amcnicky_altar_lugonu_corruption
Slime:5
Orc:1:    layout_caves, basic_altar
Orc:2:    grunt_orc_tribal_feast, layout_diamond_mine, serial_shops,
          nicolae_shop_advertising_works [nicolae_subvault_shop_adworks],
          nicolae_orc_pool_cavern
Elf:1:    layout_geoelf_octagon, hangedman_elven_crosses_minicolossus,
          minivault_28, uniq_azrael
Elf:2:    elven_hall_of_blades_hangedman_alternative [nicolae_blade_tridents],
          layout_rooms, serial_shops,
          nicolae_shop_temple_entry_statues_fountains
Elf:3:    minmay_elf_hall_hex, layout_geoelf_castle, serial_shops,
          nicolae_shop_hallway_stairs, grunt_ministairs_9, uniq_mara
Vaults:1: vaults_standard_mumra_x, hangedman_vaults_nodes, grunt_vaults_focal,
          serial_ice_h, hangedman_vaults_restitches, ontoclasm_vaults_shout,
          hangedman_vaults_restitches, ontoclasm_vaults_twist, v_misc_12,
          v_alt_pattern_5, nicolae_vaults_shelves_hall,
          nicolae_vaults_gold_heap, layout_vaults_ring, serial_shops,
          bzr_entry_dummy, shop_coins, nicolae_shop_stone, shop
Vaults:2: nicolae_vaults_little_squares_1, hangedman_vaults_stitches,
          minmay_crypt_entry_simple_round, ontoclasm_vaults_gateway,
          vaults_room_corners, hangedman_vaults_variations, vaults_room_fours,
          serial_ice_b, vaults_mumra_hexcomb, nicolae_vaults_c_with_doors,
          vaults_mumra_hex, nicolae_vaults_diagonal_hallway_7,
          layout_vaults_big_room, serial_shops, nicolae_square_shop, uniq_aizul,
          uniq_frederick
Vaults:3: v_misc_5, dpeg_vaults_monster_box, grunt_vaults_funnel,
          ontoclasm_vaults_misaligned, v_pattern_4,
          nicolae_vaults_disjoint_gnomons, nicolae_vaults_mini_display_case,
          vaults_room_stairs_pillars, not_door_vault_due,
          vaults_room_ringed_pool, vaults_dpeg_spiral,
          ontoclasm_vaults_claustrophobia, layout_vaults_omnibox, serial_shops,
          nicolae_lakefront_shop, uniq_margery
Vaults:4: v_misc_11, hangedman_vaults_slice, nicolae_vaults_network_s,
          ontoclasm_vaults_loading_screen, hangedman_vaults_corner_blocks,
          v_misc_4, nicolae_vaults_little_ls, v_misc_11, grunt_vaults_trifunnel,
          v_misc_24, ontoclasm_vaults_shuriken,
          ontoclasm_vaults_decontamination, nicolae_vaults_fighting_squares,
          vaults_dpeg_cross, layout_vaults_maze_bifur, serial_shops,
          nicolae_shop_bloodbath_and_beyond
Vaults:5: uniq_sojobo
Crypt:1:  cheibrodos_crypt_cold_storage, layout_basic
Crypt:2:  layout_rooms, mu_enter_wizlab_4
Crypt:3:  grunt_crypt_end_deaths_head
Depths:1: minmay_the_grid_4x2 [minmay_the_grid_minigrid_medium,
          minmay_the_grid_airy, minmay_the_grid_dragon_b,
          minmay_the_grid_small_cups, minmay_the_grid_expand,
          minmay_the_grid_outer_circle, minmay_the_grid_x,
          minmay_the_grid_prize_big_room], layout_honeycomb,
          serial_co_window_serial, co_window_paths_a, co_window_paths_b,
          co_window_corner_a, co_window_cross_1, co_window_of_opportunity_a,
          co_window_paths_b, co_window_corner_a, co_window_of_opportunity_a,
          co_window_corner_a, co_window_cross_4, co_window_broadway_c,
          co_window_corner_b, co_window_of_opportunity_c, co_window_corner_b,
          co_window_corner_cb, glass_columns_a, glass_columns_a,
          glass_columns_c, hell_entry
Depths:2: minmay_outward_triangles, layout_gridville, enter_ziggurat_f,
          rand_demon_pan_entry_5, hangedman_abyss_entry_splay, moated_statue,
          hangedman_coc_ice_floe, infiniplex_staircase_spiral,
          minmay_shop_grove, firewood_loft
Depths:3: kennysheep_bubble_arena, layout_gridlike, abyss_entry_crystal,
          pf_vacation_house_of_asmodeus, minmay_misc_feat_hallway,
          serial_bayou_shore_a
Depths:4: grunt_zot_entry_gee_three, layout_cave_pools, hell_entry,
          minmay_misc_feat_plants, pan_entry, grunt_decor_arrowhead, drop_trap,
          grunt_decor_mini_mirrors
Hell
Dis:1:    hangedman_dis_monolith, layout_regular_city
Dis:2:    nicolae_hells_demon_pit, layout_regular_city
Dis:3:    layout_subdivisions
Dis:4:    layout_subdivisions
Dis:5:    nicolae_dis_hell_of_blades
Coc:1:    layout_cocytus_water_paths
Coc:2:    layout_cocytus_water_paths
Coc:3:    layout_cocytus_water_paths
Coc:4:    layout_ice_bergs
Coc:5:    layout_ice_bergs
Coc:6:    layout_cocytus_water_paths
Zot:1:    layout_twisted_circle, hangedman_zot_decor_slant,
          hangedman_elemental_corridor
Zot:2:    nicolae_zot_draconian_monastery, layout_basic
Zot:3:    layout_cathedral_of_symmetry

Skill      XL: |  1  2  3  4  5  6  7  8  9 10 11 12 13 14 15 16 17 18 19 20 21 22 23 24 25 26 27 |
---------------+----------------------------------------------------------------------------------+-----
Fighting       | 1 2 3 5 6 7 8 9 10 11 12 13 14 15 16 17 18 | 18.3
Unarmed Combat | 1 2 3 4 6 8 9 11 12 13 15 16 17 18 19 20 21 22 23 25 | 25.0
Translocations | 3 4 5 9 |  9.5
Spellcasting   | 3 5 6 7 9 10 11 12 13 16 | 16.2
Hexes          | 1 2 3 |  3.0
Transmutations | 1 2 4 6 8 9 10 11 12 13 15 17 18 19 20 24 | 24.4
Dodging        | 2 4 5 7 8 9 10 11 12 13 14 | 14.5
Stealth        | 3 5 7 8 |  8.0
Throwing       | 1 4 5 |  5.4
Air Magic      | 3 4 7 9 10 | 10.8
Poison Magic   | 2 |  2.0
Polearms       | 1 15 | 15.7
Shields        | 1 6 14 | 14.2
Earth Magic    | 6 |  6.5
Fire Magic     | |  1.0
Evocations     | |  2.0

Action                   |  1- 3 |  4- 6 |  7- 9 | 10-12 | 13-15 | 16-18 | 19-21 | 22-24 | 25-27 || total
-------------------------+-------+-------+-------+-------+-------+-------+-------+-------+-------++-------
Melee: Unarmed           |   171 |    38 |   227 |   431 |  1136 |  1560 |   918 |   972 |  2061 ||  7514
       Club              |    10 |       |       |       |       |       |       |       |       ||    10
       Kick              |    15 |    10 |    62 |   110 |   294 |   479 |       |       |       ||   970
       Punch             |       |     1 |     6 |    32 |    96 |   261 |   184 |   222 |   375 ||  1177
       Pseudopods        |       |       |       |    54 |   197 |   218 |       |       |   385 ||   854
       Bite              |       |       |       |       |    80 |   137 |       |     9 |   130 ||   356
       Headbutt          |       |       |       |       |       |    18 |       |    84 |       ||   102
       Lance             |       |       |       |       |       |     5 |       |       |   963 ||   968
Throw: Throwing net      |       |       |       |       |       |    10 |     4 |       |       ||    14
 Cast: Foxfire           |    38 |    38 |    40 |     7 |     3 |       |       |       |       ||   126
       Apportation       |     2 |       |     6 |    13 |    46 |    36 |    10 |    12 |    54 ||   179
       Wereblood         |       |       |       |    20 |    38 |    12 |     2 |       |       ||    72
       Blink             |       |       |       |     1 |     3 |     2 |       |       |     8 ||    14
       Spider Form       |       |       |       |    10 |    28 |     1 |       |       |       ||    39
       Confusing Touch   |       |       |       |     2 |       |       |       |       |       ||     2
       Lesser Beckoning  |       |       |       |       |       |    39 |    29 |    10 |    19 ||    97
       Beastly Appendage |       |       |       |       |       |     3 |       |       |       ||     3
       Portal Projectile |       |       |       |       |       |     6 |     1 |       |       ||     7
       Blade Hands       |       |       |       |       |       |       |    28 |     2 |       ||    30
       Storm Form        |       |       |       |       |       |       |       |    34 |   114 ||   148
       Alistair's Intoxi |       |       |       |       |       |       |       |     1 |       ||     1
       Passwall          |       |       |       |       |       |       |       |     5 |     6 ||    11
       Silence           |       |       |       |       |       |       |       |     1 |     3 ||     4
       Statue Form       |       |       |       |       |       |       |       |     1 |    71 ||    72
       Manifold Assault  |       |       |       |       |       |       |       |       |   142 ||   142
       Dragon Form       |       |       |       |       |       |       |       |       |     2 ||     2
       Swiftness         |       |       |       |       |       |       |       |       |     1 ||     1
Invok: Oozemancy         |       |     4 |     4 |     4 |     1 |     6 |     6 |     1 |     3 ||    29
       Slimify           |       |       |       |     1 |     2 |     1 |       |     1 |       ||     5
 Abil: End Transformatio |       |       |       |     1 |     2 |     3 |     8 |     5 |    12 ||    31
       Blinkbolt         |       |       |       |       |       |       |       |    52 |    58 ||   110
       Breathe Fire      |       |       |       |       |       |       |       |       |     1 ||     1
Evoke: Wand              |     2 |     1 |     8 |    17 |       |    20 |       |       |     6 ||    54
       Box of beasts     |       |       |       |       |     1 |       |       |       |       ||     1
       Phantom mirror    |       |       |       |       |       |       |       |       |     2 ||     2
  Use: Potion            |     2 |     1 |       |     1 |     6 |    14 |     1 |    15 |    37 ||    77
       Scroll            |       |       |     9 |     6 |    16 |     7 |     7 |    15 |    31 ||    91
 Stab: Sleeping          |     3 |     1 |     7 |     9 |    30 |    46 |     8 |     6 |    28 ||   138
       Paralysed         |       |       |       |     8 |       |       |       |       |       ||     8
       Distracted        |       |       |       |     1 |     3 |     4 |     6 |     4 |    34 ||    52
       Petrified         |       |       |       |       |     8 |       |       |       |       ||     8
       Petrifying        |       |       |       |       |     5 |       |       |       |       ||     5
       Invisible         |       |       |       |       |       |     7 |       |       |     3 ||    10
       Held in net/web   |       |       |       |       |       |     7 |       |       |       ||     7
       Confused          |       |       |       |       |       |       |    20 |    27 |    20 ||    67
Armor: Robe              |    30 |     4 |    13 |    19 |     3 |     8 |    41 |    23 |       ||   141
       Skin              |       |       |       |     1 |     3 |       |       |    77 |   674 ||   755
       Troll leather arm |       |       |       |       |    74 |    69 |       |     2 |     6 ||   151
Dodge: Dodged            |   122 |    24 |   149 |   313 |  1176 |  1350 |   680 |   835 |  2340 ||  6989
       Repelled          |       |       |       |       |     4 |     7 |     6 |     1 |       ||    18
Block: Other             |       |       |       |       |       |   195 |   169 |    93 |     1 ||   458
       Tower shield      |       |       |       |       |       |       |       |       |  1669 ||  1669
       Reflection        |       |       |       |       |       |       |       |       |    24 ||    24
